%YAML 1.1
%TAG !u! tag:unity3d.com,2011:
--- !u!29 &1
OcclusionCullingSettings:
  m_ObjectHideFlags: 0
  serializedVersion: 2
  m_OcclusionBakeSettings:
    smallestOccluder: 5
    smallestHole: 0.25
    backfaceThreshold: 100
  m_SceneGUID: 00000000000000000000000000000000
  m_OcclusionCullingData: {fileID: 0}
--- !u!104 &2
RenderSettings:
  m_ObjectHideFlags: 0
  serializedVersion: 7
  m_Fog: 0
  m_FogColor: {r: 0.5, g: 0.5, b: 0.5, a: 1}
  m_FogMode: 3
  m_FogDensity: 0.01
  m_LinearFogStart: 0
  m_LinearFogEnd: 300
  m_AmbientSkyColor: {r: 0.2, g: 0.2, b: 0.2, a: 1}
  m_AmbientEquatorColor: {r: 0.2, g: 0.2, b: 0.2, a: 1}
  m_AmbientGroundColor: {r: 0.2, g: 0.2, b: 0.2, a: 1}
  m_AmbientIntensity: 1
  m_AmbientMode: 3
  m_SkyboxMaterial: {fileID: 0}
  m_HaloStrength: 0.5
  m_FlareStrength: 1
  m_FlareFadeSpeed: 3
  m_HaloTexture: {fileID: 0}
  m_SpotCookie: {fileID: 10001, guid: 0000000000000000e000000000000000, type: 0}
  m_DefaultReflectionMode: 0
  m_DefaultReflectionResolution: 128
  m_ReflectionBounces: 1
  m_ReflectionIntensity: 1
  m_CustomReflection: {fileID: 0}
  m_Sun: {fileID: 0}
  m_IndirectSpecularColor: {r: 0, g: 0, b: 0, a: 1}
--- !u!157 &4
LightmapSettings:
  m_ObjectHideFlags: 0
  serializedVersion: 7
  m_GIWorkflowMode: 1
  m_GISettings:
    serializedVersion: 2
    m_BounceScale: 1
    m_IndirectOutputScale: 1
    m_AlbedoBoost: 1
    m_TemporalCoherenceThreshold: 1
    m_EnvironmentLightingMode: 0
    m_EnableBakedLightmaps: 1
    m_EnableRealtimeLightmaps: 0
  m_LightmapEditorSettings:
    serializedVersion: 4
    m_Resolution: 1
    m_BakeResolution: 50
    m_TextureWidth: 1024
    m_TextureHeight: 1024
    m_AO: 0
    m_AOMaxDistance: 1
    m_CompAOExponent: 0
    m_CompAOExponentDirect: 0
    m_Padding: 2
    m_LightmapParameters: {fileID: 0}
    m_LightmapsBakeMode: 1
    m_TextureCompression: 0
    m_DirectLightInLightProbes: 1
    m_FinalGather: 0
    m_FinalGatherFiltering: 1
    m_FinalGatherRayCount: 1024
    m_ReflectionCompression: 2
  m_LightingDataAsset: {fileID: 0}
  m_RuntimeCPUUsage: 25
--- !u!196 &5
NavMeshSettings:
  serializedVersion: 2
  m_ObjectHideFlags: 0
  m_BuildSettings:
    serializedVersion: 2
    agentTypeID: 0
    agentRadius: 0.5
    agentHeight: 2
    agentSlope: 45
    agentClimb: 0.4
    ledgeDropHeight: 0
    maxJumpAcrossDistance: 0
    minRegionArea: 2
    manualCellSize: 0
    cellSize: 0.16666666
    accuratePlacement: 0
  m_NavMeshData: {fileID: 0}
--- !u!1 &373912011
GameObject:
  m_ObjectHideFlags: 0
  m_PrefabParentObject: {fileID: 179810, guid: 2ab7b07a626ddf048a0bb2a01fac727e, type: 2}
  m_PrefabInternal: {fileID: 510079722}
  serializedVersion: 5
  m_Component:
  - component: {fileID: 373912012}
  - component: {fileID: 373912014}
  - component: {fileID: 373912013}
  m_Layer: 5
  m_Name: Background
  m_TagString: Untagged
  m_Icon: {fileID: 0}
  m_NavMeshLayer: 0
  m_StaticEditorFlags: 0
  m_IsActive: 1
--- !u!224 &373912012
RectTransform:
  m_ObjectHideFlags: 0
  m_PrefabParentObject: {fileID: 22416282, guid: 2ab7b07a626ddf048a0bb2a01fac727e,
    type: 2}
  m_PrefabInternal: {fileID: 510079722}
  m_GameObject: {fileID: 373912011}
  m_LocalRotation: {x: 0, y: 0, z: 0, w: 1}
  m_LocalPosition: {x: 0, y: 0, z: 0}
  m_LocalScale: {x: 1, y: 1, z: 1}
  m_Children:
  - {fileID: 1445679141}
  - {fileID: 1670208667}
  - {fileID: 413864228}
  - {fileID: 460248848}
  m_Father: {fileID: 636812426}
  m_RootOrder: 1
  m_LocalEulerAnglesHint: {x: 0, y: 0, z: 0}
  m_AnchorMin: {x: 0.5, y: 0.5}
  m_AnchorMax: {x: 0.5, y: 0.5}
  m_AnchoredPosition: {x: -7, y: -3}
  m_SizeDelta: {x: 1125, y: 735}
  m_Pivot: {x: 0.5, y: 0.5}
--- !u!114 &373912013
MonoBehaviour:
  m_ObjectHideFlags: 0
  m_PrefabParentObject: {fileID: 11497654, guid: 2ab7b07a626ddf048a0bb2a01fac727e,
    type: 2}
  m_PrefabInternal: {fileID: 510079722}
  m_GameObject: {fileID: 373912011}
  m_Enabled: 1
  m_EditorHideFlags: 0
  m_Script: {fileID: -765806418, guid: f5f67c52d1564df4a8936ccd202a3bd8, type: 3}
  m_Name: 
  m_EditorClassIdentifier: 
  m_Material: {fileID: 0}
  m_Color: {r: 1, g: 1, b: 1, a: 1}
  m_RaycastTarget: 1
  m_OnCullStateChanged:
    m_PersistentCalls:
      m_Calls: []
    m_TypeName: UnityEngine.UI.MaskableGraphic+CullStateChangedEvent, UnityEngine.UI,
      Version=1.0.0.0, Culture=neutral, PublicKeyToken=null
  m_Sprite: {fileID: 21300000, guid: 5f21277c190242e41b539dd77ef40a08, type: 3}
  m_Type: 0
  m_PreserveAspect: 0
  m_FillCenter: 1
  m_FillMethod: 4
  m_FillAmount: 1
  m_FillClockwise: 1
  m_FillOrigin: 0
--- !u!222 &373912014
CanvasRenderer:
  m_ObjectHideFlags: 0
  m_PrefabParentObject: {fileID: 22266788, guid: 2ab7b07a626ddf048a0bb2a01fac727e,
    type: 2}
  m_PrefabInternal: {fileID: 510079722}
  m_GameObject: {fileID: 373912011}
--- !u!1 &404233142
GameObject:
  m_ObjectHideFlags: 0
  m_PrefabParentObject: {fileID: 141404, guid: 2ab7b07a626ddf048a0bb2a01fac727e, type: 2}
  m_PrefabInternal: {fileID: 510079722}
  serializedVersion: 5
  m_Component:
  - component: {fileID: 404233143}
  - component: {fileID: 404233146}
  - component: {fileID: 404233145}
  - component: {fileID: 404233144}
  m_Layer: 5
  m_Name: Button Close
  m_TagString: Untagged
  m_Icon: {fileID: 0}
  m_NavMeshLayer: 0
  m_StaticEditorFlags: 0
  m_IsActive: 1
--- !u!224 &404233143
RectTransform:
  m_ObjectHideFlags: 0
  m_PrefabParentObject: {fileID: 22456306, guid: 2ab7b07a626ddf048a0bb2a01fac727e,
    type: 2}
  m_PrefabInternal: {fileID: 510079722}
  m_GameObject: {fileID: 404233142}
  m_LocalRotation: {x: 0, y: 0, z: 0, w: 1}
  m_LocalPosition: {x: 0, y: 0, z: 0}
  m_LocalScale: {x: 1, y: 1, z: 1}
  m_Children:
  - {fileID: 1485073216}
  m_Father: {fileID: 460248848}
  m_RootOrder: 0
  m_LocalEulerAnglesHint: {x: 0, y: 0, z: 0}
  m_AnchorMin: {x: 0, y: 0}
  m_AnchorMax: {x: 0, y: 0}
  m_AnchoredPosition: {x: 190, y: 102.500015}
  m_SizeDelta: {x: 351, y: 155}
  m_Pivot: {x: 0.5, y: 0.5}
--- !u!114 &404233144
MonoBehaviour:
  m_ObjectHideFlags: 0
  m_PrefabParentObject: {fileID: 11440354, guid: 2ab7b07a626ddf048a0bb2a01fac727e,
    type: 2}
  m_PrefabInternal: {fileID: 510079722}
  m_GameObject: {fileID: 404233142}
  m_Enabled: 1
  m_EditorHideFlags: 0
  m_Script: {fileID: 1392445389, guid: f5f67c52d1564df4a8936ccd202a3bd8, type: 3}
  m_Name: 
  m_EditorClassIdentifier: 
  m_Navigation:
    m_Mode: 3
    m_SelectOnUp: {fileID: 0}
    m_SelectOnDown: {fileID: 0}
    m_SelectOnLeft: {fileID: 0}
    m_SelectOnRight: {fileID: 0}
  m_Transition: 1
  m_Colors:
    m_NormalColor: {r: 1, g: 1, b: 1, a: 1}
    m_HighlightedColor: {r: 0.9607843, g: 0.9607843, b: 0.9607843, a: 1}
    m_PressedColor: {r: 0.78431374, g: 0.78431374, b: 0.78431374, a: 1}
    m_DisabledColor: {r: 0.78431374, g: 0.78431374, b: 0.78431374, a: 0.5019608}
    m_ColorMultiplier: 1
    m_FadeDuration: 0.1
  m_SpriteState:
    m_HighlightedSprite: {fileID: 0}
    m_PressedSprite: {fileID: 0}
    m_DisabledSprite: {fileID: 0}
  m_AnimationTriggers:
    m_NormalTrigger: Normal
    m_HighlightedTrigger: Highlighted
    m_PressedTrigger: Pressed
    m_DisabledTrigger: Disabled
  m_Interactable: 1
  m_TargetGraphic: {fileID: 404233145}
  m_OnClick:
    m_PersistentCalls:
      m_Calls:
      - m_Target: {fileID: 0}
        m_MethodName: OnClaimClick
        m_Mode: 1
        m_Arguments:
          m_ObjectArgument: {fileID: 0}
          m_ObjectArgumentAssemblyTypeName: UnityEngine.Object, UnityEngine
          m_IntArgument: 0
          m_FloatArgument: 0
          m_StringArgument: 
          m_BoolArgument: 0
        m_CallState: 2
    m_TypeName: UnityEngine.UI.Button+ButtonClickedEvent, UnityEngine.UI, Version=1.0.0.0,
      Culture=neutral, PublicKeyToken=null
--- !u!114 &404233145
MonoBehaviour:
  m_ObjectHideFlags: 0
  m_PrefabParentObject: {fileID: 11494260, guid: 2ab7b07a626ddf048a0bb2a01fac727e,
    type: 2}
  m_PrefabInternal: {fileID: 510079722}
  m_GameObject: {fileID: 404233142}
  m_Enabled: 1
  m_EditorHideFlags: 0
  m_Script: {fileID: -765806418, guid: f5f67c52d1564df4a8936ccd202a3bd8, type: 3}
  m_Name: 
  m_EditorClassIdentifier: 
  m_Material: {fileID: 0}
  m_Color: {r: 1, g: 1, b: 1, a: 1}
  m_RaycastTarget: 1
  m_OnCullStateChanged:
    m_PersistentCalls:
      m_Calls: []
    m_TypeName: UnityEngine.UI.MaskableGraphic+CullStateChangedEvent, UnityEngine.UI,
      Version=1.0.0.0, Culture=neutral, PublicKeyToken=null
  m_Sprite: {fileID: 21300000, guid: 2917eb4720c9f854b891420e02f3fee0, type: 3}
  m_Type: 0
  m_PreserveAspect: 1
  m_FillCenter: 1
  m_FillMethod: 4
  m_FillAmount: 1
  m_FillClockwise: 1
  m_FillOrigin: 0
--- !u!222 &404233146
CanvasRenderer:
  m_ObjectHideFlags: 0
  m_PrefabParentObject: {fileID: 22202174, guid: 2ab7b07a626ddf048a0bb2a01fac727e,
    type: 2}
  m_PrefabInternal: {fileID: 510079722}
  m_GameObject: {fileID: 404233142}
--- !u!1 &413864227
GameObject:
  m_ObjectHideFlags: 0
  m_PrefabParentObject: {fileID: 108222, guid: 2ab7b07a626ddf048a0bb2a01fac727e, type: 2}
  m_PrefabInternal: {fileID: 510079722}
  serializedVersion: 5
  m_Component:
  - component: {fileID: 413864228}
  - component: {fileID: 413864231}
  - component: {fileID: 413864230}
  - component: {fileID: 413864229}
  m_Layer: 5
  m_Name: Text Info
  m_TagString: Untagged
  m_Icon: {fileID: 0}
  m_NavMeshLayer: 0
  m_StaticEditorFlags: 0
  m_IsActive: 1
--- !u!224 &413864228
RectTransform:
  m_ObjectHideFlags: 0
  m_PrefabParentObject: {fileID: 22403436, guid: 2ab7b07a626ddf048a0bb2a01fac727e,
    type: 2}
  m_PrefabInternal: {fileID: 510079722}
  m_GameObject: {fileID: 413864227}
  m_LocalRotation: {x: 0, y: 0, z: 0, w: 1}
  m_LocalPosition: {x: 0, y: 0, z: 0}
  m_LocalScale: {x: 1, y: 1, z: 1}
  m_Children: []
  m_Father: {fileID: 373912012}
  m_RootOrder: 2
  m_LocalEulerAnglesHint: {x: 0, y: 0, z: 0}
  m_AnchorMin: {x: 0, y: 0}
  m_AnchorMax: {x: 1, y: 1}
  m_AnchoredPosition: {x: 0.000061035156, y: -21}
  m_SizeDelta: {x: -170, y: -634}
  m_Pivot: {x: 0.5, y: 0.5}
--- !u!114 &413864229
MonoBehaviour:
  m_ObjectHideFlags: 0
  m_PrefabParentObject: {fileID: 11400464, guid: 2ab7b07a626ddf048a0bb2a01fac727e,
    type: 2}
  m_PrefabInternal: {fileID: 510079722}
  m_GameObject: {fileID: 413864227}
  m_Enabled: 1
  m_EditorHideFlags: 0
  m_Script: {fileID: -900027084, guid: f5f67c52d1564df4a8936ccd202a3bd8, type: 3}
  m_Name: 
  m_EditorClassIdentifier: 
  m_EffectColor: {r: 0.38431376, g: 0.14901961, b: 0.14901961, a: 1}
  m_EffectDistance: {x: 3, y: -3}
  m_UseGraphicAlpha: 1
--- !u!114 &413864230
MonoBehaviour:
  m_ObjectHideFlags: 0
  m_PrefabParentObject: {fileID: 11450132, guid: 2ab7b07a626ddf048a0bb2a01fac727e,
    type: 2}
  m_PrefabInternal: {fileID: 510079722}
  m_GameObject: {fileID: 413864227}
  m_Enabled: 1
  m_EditorHideFlags: 0
  m_Script: {fileID: 708705254, guid: f5f67c52d1564df4a8936ccd202a3bd8, type: 3}
  m_Name: 
  m_EditorClassIdentifier: 
  m_Material: {fileID: 0}
  m_Color: {r: 1, g: 1, b: 1, a: 1}
  m_RaycastTarget: 1
  m_OnCullStateChanged:
    m_PersistentCalls:
      m_Calls: []
    m_TypeName: UnityEngine.UI.MaskableGraphic+CullStateChangedEvent, UnityEngine.UI,
      Version=1.0.0.0, Culture=neutral, PublicKeyToken=null
  m_FontData:
    m_Font: {fileID: 12800000, guid: 13a0bbb50adbdb741a56717f546beb84, type: 3}
    m_FontSize: 75
    m_FontStyle: 0
    m_BestFit: 0
    m_MinSize: 10
    m_MaxSize: 78
    m_Alignment: 4
    m_AlignByGeometry: 0
    m_RichText: 1
    m_HorizontalOverflow: 0
    m_VerticalOverflow: 0
    m_LineSpacing: 1
  m_Text: You Got your Reward!
--- !u!222 &413864231
CanvasRenderer:
  m_ObjectHideFlags: 0
  m_PrefabParentObject: {fileID: 22253926, guid: 2ab7b07a626ddf048a0bb2a01fac727e,
    type: 2}
  m_PrefabInternal: {fileID: 510079722}
  m_GameObject: {fileID: 413864227}
--- !u!1 &460248847
GameObject:
  m_ObjectHideFlags: 0
  m_PrefabParentObject: {fileID: 116458, guid: 2ab7b07a626ddf048a0bb2a01fac727e, type: 2}
  m_PrefabInternal: {fileID: 510079722}
  serializedVersion: 5
  m_Component:
  - component: {fileID: 460248848}
  - component: {fileID: 460248850}
  - component: {fileID: 460248849}
  m_Layer: 5
  m_Name: ButtonBg
  m_TagString: Untagged
  m_Icon: {fileID: 0}
  m_NavMeshLayer: 0
  m_StaticEditorFlags: 0
  m_IsActive: 1
--- !u!224 &460248848
RectTransform:
  m_ObjectHideFlags: 0
  m_PrefabParentObject: {fileID: 22495954, guid: 2ab7b07a626ddf048a0bb2a01fac727e,
    type: 2}
  m_PrefabInternal: {fileID: 510079722}
  m_GameObject: {fileID: 460248847}
  m_LocalRotation: {x: 0, y: 0, z: 0, w: 1}
  m_LocalPosition: {x: 0, y: 0, z: 0}
  m_LocalScale: {x: 1, y: 1, z: 1}
  m_Children:
  - {fileID: 404233143}
  m_Father: {fileID: 373912012}
  m_RootOrder: 3
  m_LocalEulerAnglesHint: {x: 0, y: 0, z: 0}
  m_AnchorMin: {x: 0.5, y: 0}
  m_AnchorMax: {x: 0.5, y: 0}
  m_AnchoredPosition: {x: 0.000030518, y: 194}
  m_SizeDelta: {x: 380, y: 205}
  m_Pivot: {x: 0.5, y: 0.5}
--- !u!114 &460248849
MonoBehaviour:
  m_ObjectHideFlags: 0
  m_PrefabParentObject: {fileID: 11417690, guid: 2ab7b07a626ddf048a0bb2a01fac727e,
    type: 2}
  m_PrefabInternal: {fileID: 510079722}
  m_GameObject: {fileID: 460248847}
  m_Enabled: 1
  m_EditorHideFlags: 0
  m_Script: {fileID: -765806418, guid: f5f67c52d1564df4a8936ccd202a3bd8, type: 3}
  m_Name: 
  m_EditorClassIdentifier: 
  m_Material: {fileID: 0}
  m_Color: {r: 1, g: 1, b: 1, a: 1}
  m_RaycastTarget: 1
  m_OnCullStateChanged:
    m_PersistentCalls:
      m_Calls: []
    m_TypeName: UnityEngine.UI.MaskableGraphic+CullStateChangedEvent, UnityEngine.UI,
      Version=1.0.0.0, Culture=neutral, PublicKeyToken=null
  m_Sprite: {fileID: 21300000, guid: c93b5aae050c03846b2316d53ae0c895, type: 3}
  m_Type: 0
  m_PreserveAspect: 1
  m_FillCenter: 1
  m_FillMethod: 4
  m_FillAmount: 1
  m_FillClockwise: 1
  m_FillOrigin: 0
--- !u!222 &460248850
CanvasRenderer:
  m_ObjectHideFlags: 0
  m_PrefabParentObject: {fileID: 22231366, guid: 2ab7b07a626ddf048a0bb2a01fac727e,
    type: 2}
  m_PrefabInternal: {fileID: 510079722}
  m_GameObject: {fileID: 460248847}
--- !u!1 &493430566
GameObject:
  m_ObjectHideFlags: 0
  m_PrefabParentObject: {fileID: 184770, guid: 2ab7b07a626ddf048a0bb2a01fac727e, type: 2}
  m_PrefabInternal: {fileID: 510079722}
  serializedVersion: 5
  m_Component:
  - component: {fileID: 493430567}
  - component: {fileID: 493430569}
  - component: {fileID: 493430568}
  m_Layer: 5
  m_Name: Text
  m_TagString: Untagged
  m_Icon: {fileID: 0}
  m_NavMeshLayer: 0
  m_StaticEditorFlags: 0
  m_IsActive: 1
--- !u!224 &493430567
RectTransform:
  m_ObjectHideFlags: 0
  m_PrefabParentObject: {fileID: 22431936, guid: 2ab7b07a626ddf048a0bb2a01fac727e,
    type: 2}
  m_PrefabInternal: {fileID: 510079722}
  m_GameObject: {fileID: 493430566}
  m_LocalRotation: {x: 0, y: 0, z: 0, w: 1}
  m_LocalPosition: {x: 0, y: 0, z: 0}
  m_LocalScale: {x: 1, y: 1, z: 1}
  m_Children: []
  m_Father: {fileID: 803086514}
  m_RootOrder: 0
  m_LocalEulerAnglesHint: {x: 0, y: 0, z: 0}
  m_AnchorMin: {x: 0, y: 0}
  m_AnchorMax: {x: 1, y: 1}
  m_AnchoredPosition: {x: 0, y: 0}
  m_SizeDelta: {x: 0, y: 0}
  m_Pivot: {x: 0.5, y: 0.5}
--- !u!114 &493430568
MonoBehaviour:
  m_ObjectHideFlags: 0
  m_PrefabParentObject: {fileID: 11467144, guid: 2ab7b07a626ddf048a0bb2a01fac727e,
    type: 2}
  m_PrefabInternal: {fileID: 510079722}
  m_GameObject: {fileID: 493430566}
  m_Enabled: 1
  m_EditorHideFlags: 0
  m_Script: {fileID: 708705254, guid: f5f67c52d1564df4a8936ccd202a3bd8, type: 3}
  m_Name: 
  m_EditorClassIdentifier: 
  m_Material: {fileID: 0}
  m_Color: {r: 0.196, g: 0.196, b: 0.196, a: 1}
  m_RaycastTarget: 1
  m_OnCullStateChanged:
    m_PersistentCalls:
      m_Calls: []
    m_TypeName: UnityEngine.UI.MaskableGraphic+CullStateChangedEvent, UnityEngine.UI,
      Version=1.0.0.0, Culture=neutral, PublicKeyToken=null
  m_FontData:
    m_Font: {fileID: 10102, guid: 0000000000000000e000000000000000, type: 0}
    m_FontSize: 33
    m_FontStyle: 0
    m_BestFit: 0
    m_MinSize: 10
    m_MaxSize: 40
    m_Alignment: 4
    m_AlignByGeometry: 0
    m_RichText: 1
    m_HorizontalOverflow: 0
    m_VerticalOverflow: 0
    m_LineSpacing: 1
  m_Text: Reset
--- !u!222 &493430569
CanvasRenderer:
  m_ObjectHideFlags: 0
  m_PrefabParentObject: {fileID: 22281626, guid: 2ab7b07a626ddf048a0bb2a01fac727e,
    type: 2}
  m_PrefabInternal: {fileID: 510079722}
  m_GameObject: {fileID: 493430566}
--- !u!1001 &510079722
Prefab:
  m_ObjectHideFlags: 0
  serializedVersion: 2
  m_Modification:
    m_TransformParent: {fileID: 0}
    m_Modifications:
    - target: {fileID: 410144, guid: 2ab7b07a626ddf048a0bb2a01fac727e, type: 2}
      propertyPath: m_LocalPosition.x
      value: 0
      objectReference: {fileID: 0}
    - target: {fileID: 410144, guid: 2ab7b07a626ddf048a0bb2a01fac727e, type: 2}
      propertyPath: m_LocalPosition.y
      value: 0
      objectReference: {fileID: 0}
    - target: {fileID: 410144, guid: 2ab7b07a626ddf048a0bb2a01fac727e, type: 2}
      propertyPath: m_LocalPosition.z
      value: 0
      objectReference: {fileID: 0}
    - target: {fileID: 410144, guid: 2ab7b07a626ddf048a0bb2a01fac727e, type: 2}
      propertyPath: m_LocalRotation.x
      value: 0
      objectReference: {fileID: 0}
    - target: {fileID: 410144, guid: 2ab7b07a626ddf048a0bb2a01fac727e, type: 2}
      propertyPath: m_LocalRotation.y
      value: 0
      objectReference: {fileID: 0}
    - target: {fileID: 410144, guid: 2ab7b07a626ddf048a0bb2a01fac727e, type: 2}
      propertyPath: m_LocalRotation.z
      value: 0
      objectReference: {fileID: 0}
    - target: {fileID: 410144, guid: 2ab7b07a626ddf048a0bb2a01fac727e, type: 2}
      propertyPath: m_LocalRotation.w
      value: 1
      objectReference: {fileID: 0}
    - target: {fileID: 410144, guid: 2ab7b07a626ddf048a0bb2a01fac727e, type: 2}
      propertyPath: m_RootOrder
      value: 0
      objectReference: {fileID: 0}
    - target: {fileID: 22496278, guid: 2ab7b07a626ddf048a0bb2a01fac727e, type: 2}
      propertyPath: m_AnchorMax.x
      value: 1
      objectReference: {fileID: 0}
    - target: {fileID: 22496278, guid: 2ab7b07a626ddf048a0bb2a01fac727e, type: 2}
      propertyPath: m_AnchorMax.y
      value: 1
      objectReference: {fileID: 0}
    m_RemovedComponents: []
  m_ParentPrefab: {fileID: 100100000, guid: 2ab7b07a626ddf048a0bb2a01fac727e, type: 2}
  m_RootGameObject: {fileID: 2044434395}
  m_IsPrefabParent: 0
--- !u!1 &522985266
GameObject:
  m_ObjectHideFlags: 0
  m_PrefabParentObject: {fileID: 148994, guid: 2ab7b07a626ddf048a0bb2a01fac727e, type: 2}
  m_PrefabInternal: {fileID: 510079722}
  serializedVersion: 5
  m_Component:
  - component: {fileID: 522985267}
  - component: {fileID: 522985268}
  m_Layer: 5
  m_Name: Panel Debug
  m_TagString: Untagged
  m_Icon: {fileID: 0}
  m_NavMeshLayer: 0
  m_StaticEditorFlags: 0
  m_IsActive: 1
--- !u!224 &522985267
RectTransform:
  m_ObjectHideFlags: 0
  m_PrefabParentObject: {fileID: 22473098, guid: 2ab7b07a626ddf048a0bb2a01fac727e,
    type: 2}
  m_PrefabInternal: {fileID: 510079722}
  m_GameObject: {fileID: 522985266}
  m_LocalRotation: {x: 0, y: 0, z: 0, w: 1}
  m_LocalPosition: {x: 0, y: 0, z: 0}
  m_LocalScale: {x: 1, y: 1, z: 1}
  m_Children:
  - {fileID: 803086514}
  m_Father: {fileID: 954038827}
  m_RootOrder: 0
  m_LocalEulerAnglesHint: {x: 0, y: 0, z: 0}
  m_AnchorMin: {x: 0, y: 1}
  m_AnchorMax: {x: 0, y: 1}
  m_AnchoredPosition: {x: 49.99991, y: -49.99997}
  m_SizeDelta: {x: 100, y: 100}
  m_Pivot: {x: 0.5, y: 0.5}
--- !u!222 &522985268
CanvasRenderer:
  m_ObjectHideFlags: 0
  m_PrefabParentObject: {fileID: 22260744, guid: 2ab7b07a626ddf048a0bb2a01fac727e,
    type: 2}
  m_PrefabInternal: {fileID: 510079722}
  m_GameObject: {fileID: 522985266}
--- !u!1 &531207700
GameObject:
  m_ObjectHideFlags: 0
  m_PrefabParentObject: {fileID: 126270, guid: 2ab7b07a626ddf048a0bb2a01fac727e, type: 2}
  m_PrefabInternal: {fileID: 510079722}
  serializedVersion: 5
  m_Component:
  - component: {fileID: 531207701}
  - component: {fileID: 531207703}
  - component: {fileID: 531207702}
  m_Layer: 5
  m_Name: Overlay
  m_TagString: Untagged
  m_Icon: {fileID: 0}
  m_NavMeshLayer: 0
  m_StaticEditorFlags: 0
  m_IsActive: 1
--- !u!224 &531207701
RectTransform:
  m_ObjectHideFlags: 0
  m_PrefabParentObject: {fileID: 22444408, guid: 2ab7b07a626ddf048a0bb2a01fac727e,
    type: 2}
  m_PrefabInternal: {fileID: 510079722}
  m_GameObject: {fileID: 531207700}
  m_LocalRotation: {x: 0, y: 0, z: 0, w: 1}
  m_LocalPosition: {x: 0, y: 0, z: 0}
  m_LocalScale: {x: 1, y: 1, z: 1}
  m_Children: []
  m_Father: {fileID: 636812426}
  m_RootOrder: 0
  m_LocalEulerAnglesHint: {x: 0, y: 0, z: 0}
  m_AnchorMin: {x: 0, y: 0}
  m_AnchorMax: {x: 1, y: 1}
  m_AnchoredPosition: {x: 0, y: 0}
  m_SizeDelta: {x: 0, y: 0}
  m_Pivot: {x: 0.5, y: 0.5}
--- !u!114 &531207702
MonoBehaviour:
  m_ObjectHideFlags: 0
  m_PrefabParentObject: {fileID: 11418252, guid: 2ab7b07a626ddf048a0bb2a01fac727e,
    type: 2}
  m_PrefabInternal: {fileID: 510079722}
  m_GameObject: {fileID: 531207700}
  m_Enabled: 1
  m_EditorHideFlags: 0
  m_Script: {fileID: -765806418, guid: f5f67c52d1564df4a8936ccd202a3bd8, type: 3}
  m_Name: 
  m_EditorClassIdentifier: 
  m_Material: {fileID: 0}
  m_Color: {r: 0, g: 0, b: 0, a: 0.666}
  m_RaycastTarget: 1
  m_OnCullStateChanged:
    m_PersistentCalls:
      m_Calls: []
    m_TypeName: UnityEngine.UI.MaskableGraphic+CullStateChangedEvent, UnityEngine.UI,
      Version=1.0.0.0, Culture=neutral, PublicKeyToken=null
  m_Sprite: {fileID: 0}
  m_Type: 0
  m_PreserveAspect: 0
  m_FillCenter: 1
  m_FillMethod: 4
  m_FillAmount: 1
  m_FillClockwise: 1
  m_FillOrigin: 0
--- !u!222 &531207703
CanvasRenderer:
  m_ObjectHideFlags: 0
  m_PrefabParentObject: {fileID: 22234044, guid: 2ab7b07a626ddf048a0bb2a01fac727e,
    type: 2}
  m_PrefabInternal: {fileID: 510079722}
  m_GameObject: {fileID: 531207700}
--- !u!1 &542014652
GameObject:
  m_ObjectHideFlags: 0
  m_PrefabParentObject: {fileID: 0}
  m_PrefabInternal: {fileID: 0}
  serializedVersion: 5
  m_Component:
  - component: {fileID: 542014656}
  - component: {fileID: 542014655}
  - component: {fileID: 542014654}
  - component: {fileID: 542014653}
  m_Layer: 0
  m_Name: EventSystem
  m_TagString: Untagged
  m_Icon: {fileID: 0}
  m_NavMeshLayer: 0
  m_StaticEditorFlags: 0
  m_IsActive: 1
--- !u!114 &542014653
MonoBehaviour:
  m_ObjectHideFlags: 0
  m_PrefabParentObject: {fileID: 0}
  m_PrefabInternal: {fileID: 0}
  m_GameObject: {fileID: 542014652}
  m_Enabled: 1
  m_EditorHideFlags: 0
  m_Script: {fileID: 1997211142, guid: f5f67c52d1564df4a8936ccd202a3bd8, type: 3}
  m_Name: 
  m_EditorClassIdentifier: 
  m_ForceModuleActive: 0
--- !u!114 &542014654
MonoBehaviour:
  m_ObjectHideFlags: 0
  m_PrefabParentObject: {fileID: 0}
  m_PrefabInternal: {fileID: 0}
  m_GameObject: {fileID: 542014652}
  m_Enabled: 1
  m_EditorHideFlags: 0
  m_Script: {fileID: 1077351063, guid: f5f67c52d1564df4a8936ccd202a3bd8, type: 3}
  m_Name: 
  m_EditorClassIdentifier: 
  m_HorizontalAxis: Horizontal
  m_VerticalAxis: Vertical
  m_SubmitButton: Submit
  m_CancelButton: Cancel
  m_InputActionsPerSecond: 10
  m_RepeatDelay: 0.5
  m_ForceModuleActive: 0
--- !u!114 &542014655
MonoBehaviour:
  m_ObjectHideFlags: 0
  m_PrefabParentObject: {fileID: 0}
  m_PrefabInternal: {fileID: 0}
  m_GameObject: {fileID: 542014652}
  m_Enabled: 1
  m_EditorHideFlags: 0
  m_Script: {fileID: -619905303, guid: f5f67c52d1564df4a8936ccd202a3bd8, type: 3}
  m_Name: 
  m_EditorClassIdentifier: 
  m_FirstSelected: {fileID: 0}
  m_sendNavigationEvents: 1
  m_DragThreshold: 5
--- !u!4 &542014656
Transform:
  m_ObjectHideFlags: 0
  m_PrefabParentObject: {fileID: 0}
  m_PrefabInternal: {fileID: 0}
  m_GameObject: {fileID: 542014652}
  m_LocalRotation: {x: 0, y: 0, z: 0, w: 1}
  m_LocalPosition: {x: 0, y: 0, z: 0}
  m_LocalScale: {x: 1, y: 1, z: 1}
  m_Children: []
  m_Father: {fileID: 0}
  m_RootOrder: 1
  m_LocalEulerAnglesHint: {x: 0, y: 0, z: 0}
--- !u!1 &574709881
GameObject:
  m_ObjectHideFlags: 0
  m_PrefabParentObject: {fileID: 135798, guid: 2ab7b07a626ddf048a0bb2a01fac727e, type: 2}
  m_PrefabInternal: {fileID: 510079722}
  serializedVersion: 5
  m_Component:
  - component: {fileID: 574709882}
  - component: {fileID: 574709885}
  - component: {fileID: 574709884}
  - component: {fileID: 574709883}
  m_Layer: 5
  m_Name: Viewport
  m_TagString: Untagged
  m_Icon: {fileID: 0}
  m_NavMeshLayer: 0
  m_StaticEditorFlags: 0
  m_IsActive: 1
--- !u!224 &574709882
RectTransform:
  m_ObjectHideFlags: 0
  m_PrefabParentObject: {fileID: 22423200, guid: 2ab7b07a626ddf048a0bb2a01fac727e,
    type: 2}
  m_PrefabInternal: {fileID: 510079722}
  m_GameObject: {fileID: 574709881}
  m_LocalRotation: {x: 0, y: 0, z: 0, w: 1}
  m_LocalPosition: {x: 0, y: 0, z: 0}
  m_LocalScale: {x: 1, y: 1, z: 1}
  m_Children:
  - {fileID: 1771904302}
  m_Father: {fileID: 1309212652}
  m_RootOrder: 0
  m_LocalEulerAnglesHint: {x: 0, y: 0, z: 0}
  m_AnchorMin: {x: 0, y: 0}
  m_AnchorMax: {x: 0, y: 0}
  m_AnchoredPosition: {x: 0, y: 0}
  m_SizeDelta: {x: 0, y: 0}
  m_Pivot: {x: 0, y: 1}
--- !u!114 &574709883
MonoBehaviour:
  m_ObjectHideFlags: 0
  m_PrefabParentObject: {fileID: 11461832, guid: 2ab7b07a626ddf048a0bb2a01fac727e,
    type: 2}
  m_PrefabInternal: {fileID: 510079722}
  m_GameObject: {fileID: 574709881}
  m_Enabled: 1
  m_EditorHideFlags: 0
  m_Script: {fileID: -765806418, guid: f5f67c52d1564df4a8936ccd202a3bd8, type: 3}
  m_Name: 
  m_EditorClassIdentifier: 
  m_Material: {fileID: 0}
  m_Color: {r: 1, g: 1, b: 1, a: 1}
  m_RaycastTarget: 1
  m_OnCullStateChanged:
    m_PersistentCalls:
      m_Calls: []
    m_TypeName: UnityEngine.UI.MaskableGraphic+CullStateChangedEvent, UnityEngine.UI,
      Version=1.0.0.0, Culture=neutral, PublicKeyToken=null
  m_Sprite: {fileID: 10917, guid: 0000000000000000f000000000000000, type: 0}
  m_Type: 1
  m_PreserveAspect: 0
  m_FillCenter: 1
  m_FillMethod: 4
  m_FillAmount: 1
  m_FillClockwise: 1
  m_FillOrigin: 0
--- !u!222 &574709884
CanvasRenderer:
  m_ObjectHideFlags: 0
  m_PrefabParentObject: {fileID: 22220348, guid: 2ab7b07a626ddf048a0bb2a01fac727e,
    type: 2}
  m_PrefabInternal: {fileID: 510079722}
  m_GameObject: {fileID: 574709881}
--- !u!114 &574709885
MonoBehaviour:
  m_ObjectHideFlags: 0
  m_PrefabParentObject: {fileID: 11433098, guid: 2ab7b07a626ddf048a0bb2a01fac727e,
    type: 2}
  m_PrefabInternal: {fileID: 510079722}
  m_GameObject: {fileID: 574709881}
  m_Enabled: 1
  m_EditorHideFlags: 0
  m_Script: {fileID: -1200242548, guid: f5f67c52d1564df4a8936ccd202a3bd8, type: 3}
  m_Name: 
  m_EditorClassIdentifier: 
  m_ShowMaskGraphic: 0
--- !u!1 &630216909
GameObject:
  m_ObjectHideFlags: 0
  m_PrefabParentObject: {fileID: 103602, guid: 2ab7b07a626ddf048a0bb2a01fac727e, type: 2}
  m_PrefabInternal: {fileID: 510079722}
  serializedVersion: 5
  m_Component:
  - component: {fileID: 630216910}
  - component: {fileID: 630216911}
  m_Layer: 5
  m_Name: Panel Timed Rewards
  m_TagString: Untagged
  m_Icon: {fileID: 0}
  m_NavMeshLayer: 0
  m_StaticEditorFlags: 0
  m_IsActive: 1
--- !u!224 &630216910
RectTransform:
  m_ObjectHideFlags: 0
  m_PrefabParentObject: {fileID: 22472758, guid: 2ab7b07a626ddf048a0bb2a01fac727e,
    type: 2}
  m_PrefabInternal: {fileID: 510079722}
  m_GameObject: {fileID: 630216909}
  m_LocalRotation: {x: 0, y: 0, z: 0, w: 1}
  m_LocalPosition: {x: 0, y: 0, z: 0}
  m_LocalScale: {x: 1, y: 1, z: 1}
  m_Children:
  - {fileID: 654501905}
  m_Father: {fileID: 954038827}
  m_RootOrder: 1
  m_LocalEulerAnglesHint: {x: 0, y: 0, z: 0}
  m_AnchorMin: {x: 1, y: 1}
  m_AnchorMax: {x: 1, y: 1}
  m_AnchoredPosition: {x: -960, y: -540}
  m_SizeDelta: {x: 1920, y: 1080}
  m_Pivot: {x: 0.5, y: 0.5}
--- !u!222 &630216911
CanvasRenderer:
  m_ObjectHideFlags: 0
  m_PrefabParentObject: {fileID: 22266202, guid: 2ab7b07a626ddf048a0bb2a01fac727e,
    type: 2}
  m_PrefabInternal: {fileID: 510079722}
  m_GameObject: {fileID: 630216909}
--- !u!1 &636812425
GameObject:
  m_ObjectHideFlags: 0
  m_PrefabParentObject: {fileID: 159300, guid: 2ab7b07a626ddf048a0bb2a01fac727e, type: 2}
  m_PrefabInternal: {fileID: 510079722}
  serializedVersion: 5
  m_Component:
  - component: {fileID: 636812426}
  - component: {fileID: 636812427}
  m_Layer: 5
  m_Name: Panel Reward
  m_TagString: Untagged
  m_Icon: {fileID: 0}
  m_NavMeshLayer: 0
  m_StaticEditorFlags: 0
  m_IsActive: 0
--- !u!224 &636812426
RectTransform:
  m_ObjectHideFlags: 0
  m_PrefabParentObject: {fileID: 22423104, guid: 2ab7b07a626ddf048a0bb2a01fac727e,
    type: 2}
  m_PrefabInternal: {fileID: 510079722}
  m_GameObject: {fileID: 636812425}
  m_LocalRotation: {x: 0, y: 0, z: 0, w: 1}
  m_LocalPosition: {x: 0, y: 0, z: 0}
  m_LocalScale: {x: 1, y: 1, z: 1}
  m_Children:
  - {fileID: 531207701}
  - {fileID: 373912012}
  m_Father: {fileID: 954038827}
  m_RootOrder: 2
  m_LocalEulerAnglesHint: {x: 0, y: 0, z: 0}
  m_AnchorMin: {x: 0, y: 0}
  m_AnchorMax: {x: 1, y: 1}
  m_AnchoredPosition: {x: 0.000030517578, y: 0.000030517578}
  m_SizeDelta: {x: 0, y: 0}
  m_Pivot: {x: 0.5, y: 0.5}
--- !u!222 &636812427
CanvasRenderer:
  m_ObjectHideFlags: 0
  m_PrefabParentObject: {fileID: 22241296, guid: 2ab7b07a626ddf048a0bb2a01fac727e,
    type: 2}
  m_PrefabInternal: {fileID: 510079722}
  m_GameObject: {fileID: 636812425}
--- !u!1 &654501904
GameObject:
  m_ObjectHideFlags: 0
  m_PrefabParentObject: {fileID: 155616, guid: 2ab7b07a626ddf048a0bb2a01fac727e, type: 2}
  m_PrefabInternal: {fileID: 510079722}
  serializedVersion: 5
  m_Component:
  - component: {fileID: 654501905}
  - component: {fileID: 654501908}
  - component: {fileID: 654501907}
  - component: {fileID: 654501906}
  m_Layer: 5
  m_Name: Button Claim
  m_TagString: Untagged
  m_Icon: {fileID: 0}
  m_NavMeshLayer: 0
  m_StaticEditorFlags: 0
  m_IsActive: 1
--- !u!224 &654501905
RectTransform:
  m_ObjectHideFlags: 0
  m_PrefabParentObject: {fileID: 22437804, guid: 2ab7b07a626ddf048a0bb2a01fac727e,
    type: 2}
  m_PrefabInternal: {fileID: 510079722}
  m_GameObject: {fileID: 654501904}
  m_LocalRotation: {x: 0, y: 0, z: 0, w: 1}
  m_LocalPosition: {x: 0, y: 0, z: 0}
  m_LocalScale: {x: 1, y: 1, z: 1}
  m_Children:
  - {fileID: 1959315884}
  - {fileID: 693248612}
  m_Father: {fileID: 630216910}
  m_RootOrder: 0
  m_LocalEulerAnglesHint: {x: 0, y: 0, z: 0}
  m_AnchorMin: {x: 1, y: 1}
  m_AnchorMax: {x: 1, y: 1}
  m_AnchoredPosition: {x: -166, y: -157}
  m_SizeDelta: {x: 296, y: 286}
  m_Pivot: {x: 0.5, y: 0.5}
--- !u!114 &654501906
MonoBehaviour:
  m_ObjectHideFlags: 0
  m_PrefabParentObject: {fileID: 11494958, guid: 2ab7b07a626ddf048a0bb2a01fac727e,
    type: 2}
  m_PrefabInternal: {fileID: 510079722}
  m_GameObject: {fileID: 654501904}
  m_Enabled: 1
  m_EditorHideFlags: 0
  m_Script: {fileID: 1392445389, guid: f5f67c52d1564df4a8936ccd202a3bd8, type: 3}
  m_Name: 
  m_EditorClassIdentifier: 
  m_Navigation:
    m_Mode: 3
    m_SelectOnUp: {fileID: 0}
    m_SelectOnDown: {fileID: 0}
    m_SelectOnLeft: {fileID: 0}
    m_SelectOnRight: {fileID: 0}
  m_Transition: 1
  m_Colors:
    m_NormalColor: {r: 0.6691177, g: 1, b: 0.6713996, a: 1}
    m_HighlightedColor: {r: 0.67058825, g: 1, b: 0.67058825, a: 1}
    m_PressedColor: {r: 0.78431374, g: 0.78431374, b: 0.78431374, a: 1}
    m_DisabledColor: {r: 1, g: 1, b: 1, a: 1}
    m_ColorMultiplier: 1
    m_FadeDuration: 0.1
  m_SpriteState:
    m_HighlightedSprite: {fileID: 0}
    m_PressedSprite: {fileID: 0}
    m_DisabledSprite: {fileID: 0}
  m_AnimationTriggers:
    m_NormalTrigger: Normal
    m_HighlightedTrigger: Highlighted
    m_PressedTrigger: Pressed
    m_DisabledTrigger: Disabled
  m_Interactable: 1
  m_TargetGraphic: {fileID: 654501907}
  m_OnClick:
    m_PersistentCalls:
      m_Calls:
      - m_Target: {fileID: 0}
        m_MethodName: OnClaimClick
        m_Mode: 1
        m_Arguments:
          m_ObjectArgument: {fileID: 0}
          m_ObjectArgumentAssemblyTypeName: UnityEngine.Object, UnityEngine
          m_IntArgument: 0
          m_FloatArgument: 0
          m_StringArgument: 
          m_BoolArgument: 0
        m_CallState: 2
    m_TypeName: UnityEngine.UI.Button+ButtonClickedEvent, UnityEngine.UI, Version=1.0.0.0,
      Culture=neutral, PublicKeyToken=null
--- !u!114 &654501907
MonoBehaviour:
  m_ObjectHideFlags: 0
  m_PrefabParentObject: {fileID: 11440486, guid: 2ab7b07a626ddf048a0bb2a01fac727e,
    type: 2}
  m_PrefabInternal: {fileID: 510079722}
  m_GameObject: {fileID: 654501904}
  m_Enabled: 1
  m_EditorHideFlags: 0
  m_Script: {fileID: -765806418, guid: f5f67c52d1564df4a8936ccd202a3bd8, type: 3}
  m_Name: 
  m_EditorClassIdentifier: 
  m_Material: {fileID: 0}
  m_Color: {r: 1, g: 1, b: 1, a: 1}
  m_RaycastTarget: 1
  m_OnCullStateChanged:
    m_PersistentCalls:
      m_Calls: []
    m_TypeName: UnityEngine.UI.MaskableGraphic+CullStateChangedEvent, UnityEngine.UI,
      Version=1.0.0.0, Culture=neutral, PublicKeyToken=null
  m_Sprite: {fileID: 21300000, guid: 9a6e659bd5515d0409b3f1a143ee55e9, type: 3}
  m_Type: 1
  m_PreserveAspect: 0
  m_FillCenter: 1
  m_FillMethod: 4
  m_FillAmount: 1
  m_FillClockwise: 1
  m_FillOrigin: 0
--- !u!222 &654501908
CanvasRenderer:
  m_ObjectHideFlags: 0
  m_PrefabParentObject: {fileID: 22283816, guid: 2ab7b07a626ddf048a0bb2a01fac727e,
    type: 2}
  m_PrefabInternal: {fileID: 510079722}
  m_GameObject: {fileID: 654501904}
--- !u!1 &693248611
GameObject:
  m_ObjectHideFlags: 0
  m_PrefabParentObject: {fileID: 100848, guid: 2ab7b07a626ddf048a0bb2a01fac727e, type: 2}
  m_PrefabInternal: {fileID: 510079722}
  serializedVersion: 5
  m_Component:
  - component: {fileID: 693248612}
  - component: {fileID: 693248614}
  - component: {fileID: 693248613}
  m_Layer: 5
  m_Name: Image Reward
  m_TagString: Untagged
  m_Icon: {fileID: 0}
  m_NavMeshLayer: 0
  m_StaticEditorFlags: 0
  m_IsActive: 1
--- !u!224 &693248612
RectTransform:
  m_ObjectHideFlags: 0
  m_PrefabParentObject: {fileID: 22492678, guid: 2ab7b07a626ddf048a0bb2a01fac727e,
    type: 2}
  m_PrefabInternal: {fileID: 510079722}
  m_GameObject: {fileID: 693248611}
  m_LocalRotation: {x: 0, y: 0, z: 0, w: 1}
  m_LocalPosition: {x: 0, y: 0, z: 0}
  m_LocalScale: {x: 1, y: 1, z: 1}
  m_Children: []
  m_Father: {fileID: 654501905}
  m_RootOrder: 1
  m_LocalEulerAnglesHint: {x: 0, y: 0, z: 0}
  m_AnchorMin: {x: 0, y: 0}
  m_AnchorMax: {x: 1, y: 1}
  m_AnchoredPosition: {x: 0.000061035156, y: 20}
  m_SizeDelta: {x: -106, y: -110}
  m_Pivot: {x: 0.5, y: 0.5}
--- !u!114 &693248613
MonoBehaviour:
  m_ObjectHideFlags: 0
  m_PrefabParentObject: {fileID: 11496504, guid: 2ab7b07a626ddf048a0bb2a01fac727e,
    type: 2}
  m_PrefabInternal: {fileID: 510079722}
  m_GameObject: {fileID: 693248611}
  m_Enabled: 1
  m_EditorHideFlags: 0
  m_Script: {fileID: -765806418, guid: f5f67c52d1564df4a8936ccd202a3bd8, type: 3}
  m_Name: 
  m_EditorClassIdentifier: 
  m_Material: {fileID: 0}
  m_Color: {r: 1, g: 1, b: 1, a: 1}
  m_RaycastTarget: 1
  m_OnCullStateChanged:
    m_PersistentCalls:
      m_Calls: []
    m_TypeName: UnityEngine.UI.MaskableGraphic+CullStateChangedEvent, UnityEngine.UI,
      Version=1.0.0.0, Culture=neutral, PublicKeyToken=null
  m_Sprite: {fileID: 21300000, guid: 64378e83cfcf238488b43c7088f9de66, type: 3}
  m_Type: 0
  m_PreserveAspect: 1
  m_FillCenter: 1
  m_FillMethod: 4
  m_FillAmount: 1
  m_FillClockwise: 1
  m_FillOrigin: 0
--- !u!222 &693248614
CanvasRenderer:
  m_ObjectHideFlags: 0
  m_PrefabParentObject: {fileID: 22210272, guid: 2ab7b07a626ddf048a0bb2a01fac727e,
    type: 2}
  m_PrefabInternal: {fileID: 510079722}
  m_GameObject: {fileID: 693248611}
--- !u!1 &782612992
GameObject:
  m_ObjectHideFlags: 0
  m_PrefabParentObject: {fileID: 173222, guid: 2ab7b07a626ddf048a0bb2a01fac727e, type: 2}
  m_PrefabInternal: {fileID: 510079722}
  serializedVersion: 5
  m_Component:
  - component: {fileID: 782612993}
  - component: {fileID: 782612995}
  - component: {fileID: 782612994}
  m_Layer: 5
  m_Name: Background
  m_TagString: Untagged
  m_Icon: {fileID: 0}
  m_NavMeshLayer: 0
  m_StaticEditorFlags: 0
  m_IsActive: 1
--- !u!224 &782612993
RectTransform:
  m_ObjectHideFlags: 0
  m_PrefabParentObject: {fileID: 22431208, guid: 2ab7b07a626ddf048a0bb2a01fac727e,
    type: 2}
  m_PrefabInternal: {fileID: 510079722}
  m_GameObject: {fileID: 782612992}
  m_LocalRotation: {x: 0, y: 0, z: 0, w: 1}
  m_LocalPosition: {x: 0, y: 0, z: 0}
  m_LocalScale: {x: 1, y: 1, z: 1}
  m_Children:
  - {fileID: 1247889327}
  - {fileID: 1786046479}
  - {fileID: 1309212652}
  m_Father: {fileID: 1666978627}
  m_RootOrder: 0
  m_LocalEulerAnglesHint: {x: 0, y: 0, z: 0}
  m_AnchorMin: {x: 0.5, y: 0.5}
  m_AnchorMax: {x: 0.5, y: 0.5}
  m_AnchoredPosition: {x: -0.000036715996, y: -48}
  m_SizeDelta: {x: 909, y: 983}
  m_Pivot: {x: 0.5, y: 0.5}
--- !u!114 &782612994
MonoBehaviour:
  m_ObjectHideFlags: 0
  m_PrefabParentObject: {fileID: 11438756, guid: 2ab7b07a626ddf048a0bb2a01fac727e,
    type: 2}
  m_PrefabInternal: {fileID: 510079722}
  m_GameObject: {fileID: 782612992}
  m_Enabled: 1
  m_EditorHideFlags: 0
  m_Script: {fileID: -765806418, guid: f5f67c52d1564df4a8936ccd202a3bd8, type: 3}
  m_Name: 
  m_EditorClassIdentifier: 
  m_Material: {fileID: 0}
  m_Color: {r: 1, g: 1, b: 1, a: 1}
  m_RaycastTarget: 1
  m_OnCullStateChanged:
    m_PersistentCalls:
      m_Calls: []
    m_TypeName: UnityEngine.UI.MaskableGraphic+CullStateChangedEvent, UnityEngine.UI,
      Version=1.0.0.0, Culture=neutral, PublicKeyToken=null
  m_Sprite: {fileID: 21300000, guid: 62760153aa5d07d4aaf9637d55f7c299, type: 3}
  m_Type: 0
  m_PreserveAspect: 1
  m_FillCenter: 1
  m_FillMethod: 4
  m_FillAmount: 1
  m_FillClockwise: 1
  m_FillOrigin: 0
--- !u!222 &782612995
CanvasRenderer:
  m_ObjectHideFlags: 0
  m_PrefabParentObject: {fileID: 22225462, guid: 2ab7b07a626ddf048a0bb2a01fac727e,
    type: 2}
  m_PrefabInternal: {fileID: 510079722}
  m_GameObject: {fileID: 782612992}
--- !u!1 &803086513
GameObject:
  m_ObjectHideFlags: 0
  m_PrefabParentObject: {fileID: 152784, guid: 2ab7b07a626ddf048a0bb2a01fac727e, type: 2}
  m_PrefabInternal: {fileID: 510079722}
  serializedVersion: 5
  m_Component:
  - component: {fileID: 803086514}
  - component: {fileID: 803086517}
  - component: {fileID: 803086516}
  - component: {fileID: 803086515}
  m_Layer: 5
  m_Name: ButtonReset
  m_TagString: Untagged
  m_Icon: {fileID: 0}
  m_NavMeshLayer: 0
  m_StaticEditorFlags: 0
  m_IsActive: 1
--- !u!224 &803086514
RectTransform:
  m_ObjectHideFlags: 0
  m_PrefabParentObject: {fileID: 22402510, guid: 2ab7b07a626ddf048a0bb2a01fac727e,
    type: 2}
  m_PrefabInternal: {fileID: 510079722}
  m_GameObject: {fileID: 803086513}
  m_LocalRotation: {x: 0, y: 0, z: 0, w: 1}
  m_LocalPosition: {x: 0, y: 0, z: 0}
  m_LocalScale: {x: 1, y: 1, z: 1}
  m_Children:
  - {fileID: 493430567}
  m_Father: {fileID: 522985267}
  m_RootOrder: 0
  m_LocalEulerAnglesHint: {x: 0, y: 0, z: 0}
  m_AnchorMin: {x: 0.5, y: 0.5}
  m_AnchorMax: {x: 0.5, y: 0.5}
  m_AnchoredPosition: {x: 86, y: 17.499968}
  m_SizeDelta: {x: 272, y: 65}
  m_Pivot: {x: 0.5, y: 0.5}
--- !u!114 &803086515
MonoBehaviour:
  m_ObjectHideFlags: 0
  m_PrefabParentObject: {fileID: 11404120, guid: 2ab7b07a626ddf048a0bb2a01fac727e,
    type: 2}
  m_PrefabInternal: {fileID: 510079722}
  m_GameObject: {fileID: 803086513}
  m_Enabled: 1
  m_EditorHideFlags: 0
  m_Script: {fileID: 1392445389, guid: f5f67c52d1564df4a8936ccd202a3bd8, type: 3}
  m_Name: 
  m_EditorClassIdentifier: 
  m_Navigation:
    m_Mode: 3
    m_SelectOnUp: {fileID: 0}
    m_SelectOnDown: {fileID: 0}
    m_SelectOnLeft: {fileID: 0}
    m_SelectOnRight: {fileID: 0}
  m_Transition: 1
  m_Colors:
    m_NormalColor: {r: 1, g: 1, b: 1, a: 1}
    m_HighlightedColor: {r: 0.9607843, g: 0.9607843, b: 0.9607843, a: 1}
    m_PressedColor: {r: 0.78431374, g: 0.78431374, b: 0.78431374, a: 1}
    m_DisabledColor: {r: 0.78431374, g: 0.78431374, b: 0.78431374, a: 0.5019608}
    m_ColorMultiplier: 1
    m_FadeDuration: 0.1
  m_SpriteState:
    m_HighlightedSprite: {fileID: 0}
    m_PressedSprite: {fileID: 0}
    m_DisabledSprite: {fileID: 0}
  m_AnimationTriggers:
    m_NormalTrigger: Normal
    m_HighlightedTrigger: Highlighted
    m_PressedTrigger: Pressed
    m_DisabledTrigger: Disabled
  m_Interactable: 1
  m_TargetGraphic: {fileID: 803086516}
  m_OnClick:
    m_PersistentCalls:
      m_Calls:
      - m_Target: {fileID: 2044434396}
        m_MethodName: OnResetClick
        m_Mode: 1
        m_Arguments:
          m_ObjectArgument: {fileID: 0}
          m_ObjectArgumentAssemblyTypeName: UnityEngine.Object, UnityEngine
          m_IntArgument: 0
          m_FloatArgument: 0
          m_StringArgument: 
          m_BoolArgument: 0
        m_CallState: 2
    m_TypeName: UnityEngine.UI.Button+ButtonClickedEvent, UnityEngine.UI, Version=1.0.0.0,
      Culture=neutral, PublicKeyToken=null
--- !u!114 &803086516
MonoBehaviour:
  m_ObjectHideFlags: 0
  m_PrefabParentObject: {fileID: 11443302, guid: 2ab7b07a626ddf048a0bb2a01fac727e,
    type: 2}
  m_PrefabInternal: {fileID: 510079722}
  m_GameObject: {fileID: 803086513}
  m_Enabled: 1
  m_EditorHideFlags: 0
  m_Script: {fileID: -765806418, guid: f5f67c52d1564df4a8936ccd202a3bd8, type: 3}
  m_Name: 
  m_EditorClassIdentifier: 
  m_Material: {fileID: 0}
  m_Color: {r: 1, g: 1, b: 1, a: 1}
  m_RaycastTarget: 1
  m_OnCullStateChanged:
    m_PersistentCalls:
      m_Calls: []
    m_TypeName: UnityEngine.UI.MaskableGraphic+CullStateChangedEvent, UnityEngine.UI,
      Version=1.0.0.0, Culture=neutral, PublicKeyToken=null
  m_Sprite: {fileID: 10905, guid: 0000000000000000f000000000000000, type: 0}
  m_Type: 1
  m_PreserveAspect: 0
  m_FillCenter: 1
  m_FillMethod: 4
  m_FillAmount: 1
  m_FillClockwise: 1
  m_FillOrigin: 0
--- !u!222 &803086517
CanvasRenderer:
  m_ObjectHideFlags: 0
  m_PrefabParentObject: {fileID: 22290084, guid: 2ab7b07a626ddf048a0bb2a01fac727e,
    type: 2}
  m_PrefabInternal: {fileID: 510079722}
  m_GameObject: {fileID: 803086513}
--- !u!1 &808412928
GameObject:
  m_ObjectHideFlags: 0
  m_PrefabParentObject: {fileID: 106068, guid: 2ab7b07a626ddf048a0bb2a01fac727e, type: 2}
  m_PrefabInternal: {fileID: 510079722}
  serializedVersion: 5
  m_Component:
  - component: {fileID: 808412929}
  - component: {fileID: 808412931}
  - component: {fileID: 808412930}
  m_Layer: 5
  m_Name: Handle
  m_TagString: Untagged
  m_Icon: {fileID: 0}
  m_NavMeshLayer: 0
  m_StaticEditorFlags: 0
  m_IsActive: 1
--- !u!224 &808412929
RectTransform:
  m_ObjectHideFlags: 0
  m_PrefabParentObject: {fileID: 22496278, guid: 2ab7b07a626ddf048a0bb2a01fac727e,
    type: 2}
  m_PrefabInternal: {fileID: 510079722}
  m_GameObject: {fileID: 808412928}
  m_LocalRotation: {x: 0, y: 0, z: 0, w: 1}
  m_LocalPosition: {x: 0, y: 0, z: 0}
  m_LocalScale: {x: 1, y: 1, z: 1}
  m_Children: []
  m_Father: {fileID: 2027065077}
  m_RootOrder: 0
  m_LocalEulerAnglesHint: {x: 0, y: 0, z: 0}
  m_AnchorMin: {x: 0, y: 0}
  m_AnchorMax: {x: 0, y: 0}
  m_AnchoredPosition: {x: 0.000011444048, y: -9}
  m_SizeDelta: {x: 37, y: 45}
  m_Pivot: {x: 0.5, y: 0.5}
--- !u!114 &808412930
MonoBehaviour:
  m_ObjectHideFlags: 0
  m_PrefabParentObject: {fileID: 11411508, guid: 2ab7b07a626ddf048a0bb2a01fac727e,
    type: 2}
  m_PrefabInternal: {fileID: 510079722}
  m_GameObject: {fileID: 808412928}
  m_Enabled: 1
  m_EditorHideFlags: 0
  m_Script: {fileID: -765806418, guid: f5f67c52d1564df4a8936ccd202a3bd8, type: 3}
  m_Name: 
  m_EditorClassIdentifier: 
  m_Material: {fileID: 0}
  m_Color: {r: 1, g: 1, b: 1, a: 1}
  m_RaycastTarget: 1
  m_OnCullStateChanged:
    m_PersistentCalls:
      m_Calls: []
    m_TypeName: UnityEngine.UI.MaskableGraphic+CullStateChangedEvent, UnityEngine.UI,
      Version=1.0.0.0, Culture=neutral, PublicKeyToken=null
  m_Sprite: {fileID: 21300000, guid: b99dab60e6e938d40893337c2caa7dde, type: 3}
  m_Type: 1
  m_PreserveAspect: 0
  m_FillCenter: 1
  m_FillMethod: 4
  m_FillAmount: 1
  m_FillClockwise: 1
  m_FillOrigin: 0
--- !u!222 &808412931
CanvasRenderer:
  m_ObjectHideFlags: 0
  m_PrefabParentObject: {fileID: 22299630, guid: 2ab7b07a626ddf048a0bb2a01fac727e,
    type: 2}
  m_PrefabInternal: {fileID: 510079722}
  m_GameObject: {fileID: 808412928}
--- !u!1 &954038826
GameObject:
  m_ObjectHideFlags: 0
  m_PrefabParentObject: {fileID: 131992, guid: 2ab7b07a626ddf048a0bb2a01fac727e, type: 2}
  m_PrefabInternal: {fileID: 510079722}
  serializedVersion: 5
  m_Component:
  - component: {fileID: 954038827}
  - component: {fileID: 954038830}
  - component: {fileID: 954038829}
  - component: {fileID: 954038828}
  m_Layer: 5
  m_Name: Canvas
  m_TagString: Untagged
  m_Icon: {fileID: 0}
  m_NavMeshLayer: 0
  m_StaticEditorFlags: 0
  m_IsActive: 1
--- !u!224 &954038827
RectTransform:
  m_ObjectHideFlags: 0
  m_PrefabParentObject: {fileID: 22437534, guid: 2ab7b07a626ddf048a0bb2a01fac727e,
    type: 2}
  m_PrefabInternal: {fileID: 510079722}
  m_GameObject: {fileID: 954038826}
  m_LocalRotation: {x: 0, y: 0, z: 0, w: 1}
  m_LocalPosition: {x: 0, y: 0, z: 0}
  m_LocalScale: {x: 0, y: 0, z: 0}
  m_Children:
  - {fileID: 522985267}
  - {fileID: 630216910}
  - {fileID: 636812426}
  - {fileID: 1666978627}
  m_Father: {fileID: 2044434398}
  m_RootOrder: 0
  m_LocalEulerAnglesHint: {x: 0, y: 0, z: 0}
  m_AnchorMin: {x: 0, y: 0}
  m_AnchorMax: {x: 0, y: 0}
  m_AnchoredPosition: {x: 0, y: 0}
  m_SizeDelta: {x: 0, y: 0}
  m_Pivot: {x: 0, y: 0}
--- !u!114 &954038828
MonoBehaviour:
  m_ObjectHideFlags: 0
  m_PrefabParentObject: {fileID: 11447564, guid: 2ab7b07a626ddf048a0bb2a01fac727e,
    type: 2}
  m_PrefabInternal: {fileID: 510079722}
  m_GameObject: {fileID: 954038826}
  m_Enabled: 1
  m_EditorHideFlags: 0
  m_Script: {fileID: 1301386320, guid: f5f67c52d1564df4a8936ccd202a3bd8, type: 3}
  m_Name: 
  m_EditorClassIdentifier: 
  m_IgnoreReversedGraphics: 1
  m_BlockingObjects: 0
  m_BlockingMask:
    serializedVersion: 2
    m_Bits: 4294967295
--- !u!114 &954038829
MonoBehaviour:
  m_ObjectHideFlags: 0
  m_PrefabParentObject: {fileID: 11487668, guid: 2ab7b07a626ddf048a0bb2a01fac727e,
    type: 2}
  m_PrefabInternal: {fileID: 510079722}
  m_GameObject: {fileID: 954038826}
  m_Enabled: 1
  m_EditorHideFlags: 0
  m_Script: {fileID: 1980459831, guid: f5f67c52d1564df4a8936ccd202a3bd8, type: 3}
  m_Name: 
  m_EditorClassIdentifier: 
  m_UiScaleMode: 1
  m_ReferencePixelsPerUnit: 100
  m_ScaleFactor: 1
  m_ReferenceResolution: {x: 1920, y: 1080}
  m_ScreenMatchMode: 0
  m_MatchWidthOrHeight: 0
  m_PhysicalUnit: 3
  m_FallbackScreenDPI: 96
  m_DefaultSpriteDPI: 96
  m_DynamicPixelsPerUnit: 1
--- !u!223 &954038830
Canvas:
  m_ObjectHideFlags: 0
  m_PrefabParentObject: {fileID: 22390430, guid: 2ab7b07a626ddf048a0bb2a01fac727e,
    type: 2}
  m_PrefabInternal: {fileID: 510079722}
  m_GameObject: {fileID: 954038826}
  m_Enabled: 1
  serializedVersion: 2
  m_RenderMode: 0
  m_Camera: {fileID: 0}
  m_PlaneDistance: 100
  m_PixelPerfect: 0
  m_ReceivesEvents: 1
  m_OverrideSorting: 0
  m_OverridePixelPerfect: 0
  m_SortingBucketNormalizedSize: 0
  m_SortingLayerID: 0
  m_SortingOrder: 1
  m_TargetDisplay: 0
--- !u!1 &978656820
GameObject:
  m_ObjectHideFlags: 0
  m_PrefabParentObject: {fileID: 0}
  m_PrefabInternal: {fileID: 0}
  serializedVersion: 5
  m_Component:
  - component: {fileID: 978656821}
  - component: {fileID: 978656823}
  - component: {fileID: 978656822}
  m_Layer: 5
  m_Name: Image
  m_TagString: Untagged
  m_Icon: {fileID: 0}
  m_NavMeshLayer: 0
  m_StaticEditorFlags: 0
  m_IsActive: 1
--- !u!224 &978656821
RectTransform:
  m_ObjectHideFlags: 0
  m_PrefabParentObject: {fileID: 0}
  m_PrefabInternal: {fileID: 0}
  m_GameObject: {fileID: 978656820}
  m_LocalRotation: {x: 0, y: 0, z: 0, w: 1}
  m_LocalPosition: {x: 0, y: 0, z: 0}
  m_LocalScale: {x: 1, y: 1, z: 1}
  m_Children: []
  m_Father: {fileID: 1680758056}
  m_RootOrder: 0
  m_LocalEulerAnglesHint: {x: 0, y: 0, z: 0}
  m_AnchorMin: {x: 0, y: 0}
  m_AnchorMax: {x: 1, y: 1}
  m_AnchoredPosition: {x: -0.000076293945, y: 0}
  m_SizeDelta: {x: 233, y: 131}
  m_Pivot: {x: 0.5, y: 0.5}
--- !u!114 &978656822
MonoBehaviour:
  m_ObjectHideFlags: 0
  m_PrefabParentObject: {fileID: 0}
  m_PrefabInternal: {fileID: 0}
  m_GameObject: {fileID: 978656820}
  m_Enabled: 1
  m_EditorHideFlags: 0
  m_Script: {fileID: -765806418, guid: f5f67c52d1564df4a8936ccd202a3bd8, type: 3}
  m_Name: 
  m_EditorClassIdentifier: 
  m_Material: {fileID: 0}
  m_Color: {r: 1, g: 1, b: 1, a: 1}
  m_RaycastTarget: 1
  m_OnCullStateChanged:
    m_PersistentCalls:
      m_Calls: []
    m_TypeName: UnityEngine.UI.MaskableGraphic+CullStateChangedEvent, UnityEngine.UI,
      Version=1.0.0.0, Culture=neutral, PublicKeyToken=null
  m_Sprite: {fileID: 21300000, guid: 31b29371c7f4f5549ab61293d1d1d41d, type: 3}
  m_Type: 0
  m_PreserveAspect: 1
  m_FillCenter: 1
  m_FillMethod: 4
  m_FillAmount: 1
  m_FillClockwise: 1
  m_FillOrigin: 0
--- !u!222 &978656823
CanvasRenderer:
  m_ObjectHideFlags: 0
  m_PrefabParentObject: {fileID: 0}
  m_PrefabInternal: {fileID: 0}
  m_GameObject: {fileID: 978656820}
--- !u!1 &999304950
GameObject:
  m_ObjectHideFlags: 0
  m_PrefabParentObject: {fileID: 161296, guid: 2ab7b07a626ddf048a0bb2a01fac727e, type: 2}
  m_PrefabInternal: {fileID: 510079722}
  serializedVersion: 5
  m_Component:
  - component: {fileID: 999304951}
  - component: {fileID: 999304954}
  - component: {fileID: 999304953}
  - component: {fileID: 999304952}
  m_Layer: 5
  m_Name: Text
  m_TagString: Untagged
  m_Icon: {fileID: 0}
  m_NavMeshLayer: 0
  m_StaticEditorFlags: 0
  m_IsActive: 1
--- !u!224 &999304951
RectTransform:
  m_ObjectHideFlags: 0
  m_PrefabParentObject: {fileID: 22440232, guid: 2ab7b07a626ddf048a0bb2a01fac727e,
    type: 2}
  m_PrefabInternal: {fileID: 510079722}
  m_GameObject: {fileID: 999304950}
  m_LocalRotation: {x: 0, y: 0, z: 0, w: 1}
  m_LocalPosition: {x: 0, y: 0, z: 0}
  m_LocalScale: {x: 1, y: 1, z: 1}
  m_Children: []
  m_Father: {fileID: 1445679141}
  m_RootOrder: 0
  m_LocalEulerAnglesHint: {x: 0, y: 0, z: 0}
  m_AnchorMin: {x: 0, y: 0}
  m_AnchorMax: {x: 1, y: 1}
  m_AnchoredPosition: {x: 0, y: 27}
  m_SizeDelta: {x: -427, y: -119}
  m_Pivot: {x: 0.5, y: 0.5}
--- !u!114 &999304952
MonoBehaviour:
  m_ObjectHideFlags: 0
  m_PrefabParentObject: {fileID: 11430590, guid: 2ab7b07a626ddf048a0bb2a01fac727e,
    type: 2}
  m_PrefabInternal: {fileID: 510079722}
  m_GameObject: {fileID: 999304950}
  m_Enabled: 1
  m_EditorHideFlags: 0
  m_Script: {fileID: -900027084, guid: f5f67c52d1564df4a8936ccd202a3bd8, type: 3}
  m_Name: 
  m_EditorClassIdentifier: 
  m_EffectColor: {r: 0.38431376, g: 0.14901961, b: 0.14901961, a: 1}
  m_EffectDistance: {x: 3, y: -3}
  m_UseGraphicAlpha: 1
--- !u!114 &999304953
MonoBehaviour:
  m_ObjectHideFlags: 0
  m_PrefabParentObject: {fileID: 11494394, guid: 2ab7b07a626ddf048a0bb2a01fac727e,
    type: 2}
  m_PrefabInternal: {fileID: 510079722}
  m_GameObject: {fileID: 999304950}
  m_Enabled: 1
  m_EditorHideFlags: 0
  m_Script: {fileID: 708705254, guid: f5f67c52d1564df4a8936ccd202a3bd8, type: 3}
  m_Name: 
  m_EditorClassIdentifier: 
  m_Material: {fileID: 0}
  m_Color: {r: 1, g: 1, b: 1, a: 1}
  m_RaycastTarget: 1
  m_OnCullStateChanged:
    m_PersistentCalls:
      m_Calls: []
    m_TypeName: UnityEngine.UI.MaskableGraphic+CullStateChangedEvent, UnityEngine.UI,
      Version=1.0.0.0, Culture=neutral, PublicKeyToken=null
  m_FontData:
    m_Font: {fileID: 12800000, guid: 13a0bbb50adbdb741a56717f546beb84, type: 3}
    m_FontSize: 78
    m_FontStyle: 0
    m_BestFit: 0
    m_MinSize: 10
    m_MaxSize: 78
    m_Alignment: 4
    m_AlignByGeometry: 0
    m_RichText: 1
    m_HorizontalOverflow: 0
    m_VerticalOverflow: 0
    m_LineSpacing: 1
  m_Text: Reward
--- !u!222 &999304954
CanvasRenderer:
  m_ObjectHideFlags: 0
  m_PrefabParentObject: {fileID: 22278366, guid: 2ab7b07a626ddf048a0bb2a01fac727e,
    type: 2}
  m_PrefabInternal: {fileID: 510079722}
  m_GameObject: {fileID: 999304950}
--- !u!1 &1134497681
GameObject:
  m_ObjectHideFlags: 0
  m_PrefabParentObject: {fileID: 158696, guid: 2ab7b07a626ddf048a0bb2a01fac727e, type: 2}
  m_PrefabInternal: {fileID: 510079722}
  serializedVersion: 5
  m_Component:
  - component: {fileID: 1134497682}
  - component: {fileID: 1134497685}
  - component: {fileID: 1134497684}
  - component: {fileID: 1134497683}
  m_Layer: 5
  m_Name: Text Message
  m_TagString: Untagged
  m_Icon: {fileID: 0}
  m_NavMeshLayer: 0
  m_StaticEditorFlags: 0
  m_IsActive: 1
--- !u!224 &1134497682
RectTransform:
  m_ObjectHideFlags: 0
  m_PrefabParentObject: {fileID: 22417218, guid: 2ab7b07a626ddf048a0bb2a01fac727e,
    type: 2}
  m_PrefabInternal: {fileID: 510079722}
  m_GameObject: {fileID: 1134497681}
  m_LocalRotation: {x: 0, y: 0, z: 0, w: 1}
  m_LocalPosition: {x: 0, y: 0, z: 0}
  m_LocalScale: {x: 1, y: 1, z: 1}
  m_Children: []
  m_Father: {fileID: 1247889327}
  m_RootOrder: 0
  m_LocalEulerAnglesHint: {x: 0, y: 0, z: 0}
  m_AnchorMin: {x: 0, y: 0}
  m_AnchorMax: {x: 1, y: 1}
  m_AnchoredPosition: {x: 3, y: -6}
  m_SizeDelta: {x: -40, y: -54}
  m_Pivot: {x: 0.5, y: 0.5}
--- !u!114 &1134497683
MonoBehaviour:
  m_ObjectHideFlags: 0
  m_PrefabParentObject: {fileID: 11446708, guid: 2ab7b07a626ddf048a0bb2a01fac727e,
    type: 2}
  m_PrefabInternal: {fileID: 510079722}
  m_GameObject: {fileID: 1134497681}
  m_Enabled: 1
  m_EditorHideFlags: 0
  m_Script: {fileID: -900027084, guid: f5f67c52d1564df4a8936ccd202a3bd8, type: 3}
  m_Name: 
  m_EditorClassIdentifier: 
  m_EffectColor: {r: 0.38431376, g: 0.14901961, b: 0.14901961, a: 1}
  m_EffectDistance: {x: 1, y: -1}
  m_UseGraphicAlpha: 1
--- !u!114 &1134497684
MonoBehaviour:
  m_ObjectHideFlags: 0
  m_PrefabParentObject: {fileID: 11400880, guid: 2ab7b07a626ddf048a0bb2a01fac727e,
    type: 2}
  m_PrefabInternal: {fileID: 510079722}
  m_GameObject: {fileID: 1134497681}
  m_Enabled: 1
  m_EditorHideFlags: 0
  m_Script: {fileID: 708705254, guid: f5f67c52d1564df4a8936ccd202a3bd8, type: 3}
  m_Name: 
  m_EditorClassIdentifier: 
  m_Material: {fileID: 0}
  m_Color: {r: 1, g: 1, b: 1, a: 1}
  m_RaycastTarget: 1
  m_OnCullStateChanged:
    m_PersistentCalls:
      m_Calls: []
    m_TypeName: UnityEngine.UI.MaskableGraphic+CullStateChangedEvent, UnityEngine.UI,
      Version=1.0.0.0, Culture=neutral, PublicKeyToken=null
  m_FontData:
    m_Font: {fileID: 12800000, guid: 13a0bbb50adbdb741a56717f546beb84, type: 3}
    m_FontSize: 40
    m_FontStyle: 0
    m_BestFit: 1
    m_MinSize: 4
    m_MaxSize: 40
    m_Alignment: 4
    m_AlignByGeometry: 0
    m_RichText: 1
    m_HorizontalOverflow: 0
    m_VerticalOverflow: 0
    m_LineSpacing: 1
  m_Text: Pick
--- !u!222 &1134497685
CanvasRenderer:
  m_ObjectHideFlags: 0
  m_PrefabParentObject: {fileID: 22274068, guid: 2ab7b07a626ddf048a0bb2a01fac727e,
    type: 2}
  m_PrefabInternal: {fileID: 510079722}
  m_GameObject: {fileID: 1134497681}
--- !u!1 &1247889326
GameObject:
  m_ObjectHideFlags: 0
  m_PrefabParentObject: {fileID: 179332, guid: 2ab7b07a626ddf048a0bb2a01fac727e, type: 2}
  m_PrefabInternal: {fileID: 510079722}
  serializedVersion: 5
  m_Component:
  - component: {fileID: 1247889327}
  - component: {fileID: 1247889329}
  - component: {fileID: 1247889328}
  m_Layer: 5
  m_Name: Panel Message
  m_TagString: Untagged
  m_Icon: {fileID: 0}
  m_NavMeshLayer: 0
  m_StaticEditorFlags: 0
  m_IsActive: 0
--- !u!224 &1247889327
RectTransform:
  m_ObjectHideFlags: 0
  m_PrefabParentObject: {fileID: 22400518, guid: 2ab7b07a626ddf048a0bb2a01fac727e,
    type: 2}
  m_PrefabInternal: {fileID: 510079722}
  m_GameObject: {fileID: 1247889326}
  m_LocalRotation: {x: 0, y: 0, z: 0, w: 1}
  m_LocalPosition: {x: 0, y: 0, z: 0}
  m_LocalScale: {x: 1, y: 1, z: 1}
  m_Children:
  - {fileID: 1134497682}
  m_Father: {fileID: 782612993}
  m_RootOrder: 0
  m_LocalEulerAnglesHint: {x: 0, y: 0, z: 0}
  m_AnchorMin: {x: 0, y: 1}
  m_AnchorMax: {x: 1, y: 1}
  m_AnchoredPosition: {x: -2.5, y: -177}
  m_SizeDelta: {x: -104, y: 119}
  m_Pivot: {x: 0.5, y: 0.5}
--- !u!114 &1247889328
MonoBehaviour:
  m_ObjectHideFlags: 0
  m_PrefabParentObject: {fileID: 11492898, guid: 2ab7b07a626ddf048a0bb2a01fac727e,
    type: 2}
  m_PrefabInternal: {fileID: 510079722}
  m_GameObject: {fileID: 1247889326}
  m_Enabled: 1
  m_EditorHideFlags: 0
  m_Script: {fileID: -765806418, guid: f5f67c52d1564df4a8936ccd202a3bd8, type: 3}
  m_Name: 
  m_EditorClassIdentifier: 
  m_Material: {fileID: 0}
  m_Color: {r: 1, g: 1, b: 1, a: 1}
  m_RaycastTarget: 1
  m_OnCullStateChanged:
    m_PersistentCalls:
      m_Calls: []
    m_TypeName: UnityEngine.UI.MaskableGraphic+CullStateChangedEvent, UnityEngine.UI,
      Version=1.0.0.0, Culture=neutral, PublicKeyToken=null
  m_Sprite: {fileID: 21300000, guid: 9a6e659bd5515d0409b3f1a143ee55e9, type: 3}
  m_Type: 1
  m_PreserveAspect: 1
  m_FillCenter: 1
  m_FillMethod: 4
  m_FillAmount: 1
  m_FillClockwise: 1
  m_FillOrigin: 0
--- !u!222 &1247889329
CanvasRenderer:
  m_ObjectHideFlags: 0
  m_PrefabParentObject: {fileID: 22260334, guid: 2ab7b07a626ddf048a0bb2a01fac727e,
    type: 2}
  m_PrefabInternal: {fileID: 510079722}
  m_GameObject: {fileID: 1247889326}
--- !u!1 &1289567778
GameObject:
  m_ObjectHideFlags: 0
  m_PrefabParentObject: {fileID: 172116, guid: 2ab7b07a626ddf048a0bb2a01fac727e, type: 2}
  m_PrefabInternal: {fileID: 510079722}
  serializedVersion: 5
  m_Component:
  - component: {fileID: 1289567779}
  - component: {fileID: 1289567782}
  - component: {fileID: 1289567781}
  - component: {fileID: 1289567780}
  m_Layer: 5
  m_Name: Scrollbar Vertical
  m_TagString: Untagged
  m_Icon: {fileID: 0}
  m_NavMeshLayer: 0
  m_StaticEditorFlags: 0
  m_IsActive: 1
--- !u!224 &1289567779
RectTransform:
  m_ObjectHideFlags: 0
  m_PrefabParentObject: {fileID: 22449596, guid: 2ab7b07a626ddf048a0bb2a01fac727e,
    type: 2}
  m_PrefabInternal: {fileID: 510079722}
  m_GameObject: {fileID: 1289567778}
  m_LocalRotation: {x: 0, y: 0, z: 0, w: 1}
  m_LocalPosition: {x: 0, y: 0, z: 0}
  m_LocalScale: {x: 1, y: 1, z: 1}
  m_Children:
  - {fileID: 2027065077}
  m_Father: {fileID: 1309212652}
  m_RootOrder: 1
  m_LocalEulerAnglesHint: {x: 0, y: 0, z: 0}
  m_AnchorMin: {x: 1, y: 0}
  m_AnchorMax: {x: 1, y: 1}
  m_AnchoredPosition: {x: -11, y: 51}
  m_SizeDelta: {x: 34, y: 95}
  m_Pivot: {x: 1, y: 1}
--- !u!114 &1289567780
MonoBehaviour:
  m_ObjectHideFlags: 0
  m_PrefabParentObject: {fileID: 11410652, guid: 2ab7b07a626ddf048a0bb2a01fac727e,
    type: 2}
  m_PrefabInternal: {fileID: 510079722}
  m_GameObject: {fileID: 1289567778}
  m_Enabled: 1
  m_EditorHideFlags: 0
  m_Script: {fileID: -2061169968, guid: f5f67c52d1564df4a8936ccd202a3bd8, type: 3}
  m_Name: 
  m_EditorClassIdentifier: 
  m_Navigation:
    m_Mode: 3
    m_SelectOnUp: {fileID: 0}
    m_SelectOnDown: {fileID: 0}
    m_SelectOnLeft: {fileID: 0}
    m_SelectOnRight: {fileID: 0}
  m_Transition: 1
  m_Colors:
    m_NormalColor: {r: 1, g: 1, b: 1, a: 1}
    m_HighlightedColor: {r: 0.9607843, g: 0.9607843, b: 0.9607843, a: 1}
    m_PressedColor: {r: 0.78431374, g: 0.78431374, b: 0.78431374, a: 1}
    m_DisabledColor: {r: 0.78431374, g: 0.78431374, b: 0.78431374, a: 0.5019608}
    m_ColorMultiplier: 1
    m_FadeDuration: 0.1
  m_SpriteState:
    m_HighlightedSprite: {fileID: 0}
    m_PressedSprite: {fileID: 0}
    m_DisabledSprite: {fileID: 0}
  m_AnimationTriggers:
    m_NormalTrigger: Normal
    m_HighlightedTrigger: Highlighted
    m_PressedTrigger: Pressed
    m_DisabledTrigger: Disabled
  m_Interactable: 1
  m_TargetGraphic: {fileID: 808412930}
  m_HandleRect: {fileID: 808412929}
  m_Direction: 2
  m_Value: 1
  m_Size: 1
  m_NumberOfSteps: 0
  m_OnValueChanged:
    m_PersistentCalls:
      m_Calls: []
    m_TypeName: UnityEngine.UI.Scrollbar+ScrollEvent, UnityEngine.UI, Version=1.0.0.0,
      Culture=neutral, PublicKeyToken=null
--- !u!114 &1289567781
MonoBehaviour:
  m_ObjectHideFlags: 0
  m_PrefabParentObject: {fileID: 11434396, guid: 2ab7b07a626ddf048a0bb2a01fac727e,
    type: 2}
  m_PrefabInternal: {fileID: 510079722}
  m_GameObject: {fileID: 1289567778}
  m_Enabled: 1
  m_EditorHideFlags: 0
  m_Script: {fileID: -765806418, guid: f5f67c52d1564df4a8936ccd202a3bd8, type: 3}
  m_Name: 
  m_EditorClassIdentifier: 
  m_Material: {fileID: 0}
  m_Color: {r: 1, g: 1, b: 1, a: 1}
  m_RaycastTarget: 1
  m_OnCullStateChanged:
    m_PersistentCalls:
      m_Calls: []
    m_TypeName: UnityEngine.UI.MaskableGraphic+CullStateChangedEvent, UnityEngine.UI,
      Version=1.0.0.0, Culture=neutral, PublicKeyToken=null
  m_Sprite: {fileID: 21300000, guid: 9f152d50128aa674c8734e7071ed4546, type: 3}
  m_Type: 0
  m_PreserveAspect: 1
  m_FillCenter: 1
  m_FillMethod: 4
  m_FillAmount: 1
  m_FillClockwise: 1
  m_FillOrigin: 0
--- !u!222 &1289567782
CanvasRenderer:
  m_ObjectHideFlags: 0
  m_PrefabParentObject: {fileID: 22206898, guid: 2ab7b07a626ddf048a0bb2a01fac727e,
    type: 2}
  m_PrefabInternal: {fileID: 510079722}
  m_GameObject: {fileID: 1289567778}
--- !u!1 &1309212651
GameObject:
  m_ObjectHideFlags: 0
  m_PrefabParentObject: {fileID: 101406, guid: 2ab7b07a626ddf048a0bb2a01fac727e, type: 2}
  m_PrefabInternal: {fileID: 510079722}
  serializedVersion: 5
  m_Component:
  - component: {fileID: 1309212652}
  - component: {fileID: 1309212655}
  - component: {fileID: 1309212654}
  - component: {fileID: 1309212653}
  m_Layer: 5
  m_Name: Scroll View
  m_TagString: Untagged
  m_Icon: {fileID: 0}
  m_NavMeshLayer: 0
  m_StaticEditorFlags: 0
  m_IsActive: 1
--- !u!224 &1309212652
RectTransform:
  m_ObjectHideFlags: 0
  m_PrefabParentObject: {fileID: 22441666, guid: 2ab7b07a626ddf048a0bb2a01fac727e,
    type: 2}
  m_PrefabInternal: {fileID: 510079722}
  m_GameObject: {fileID: 1309212651}
  m_LocalRotation: {x: 0, y: 0, z: 0, w: 1}
  m_LocalPosition: {x: 0, y: 0, z: 0}
  m_LocalScale: {x: 1, y: 1, z: 1}
  m_Children:
  - {fileID: 574709882}
  - {fileID: 1289567779}
  m_Father: {fileID: 782612993}
  m_RootOrder: 2
  m_LocalEulerAnglesHint: {x: 0, y: 0, z: 0}
  m_AnchorMin: {x: 0.5, y: 0.5}
  m_AnchorMax: {x: 0.5, y: 0.5}
  m_AnchoredPosition: {x: 12, y: -24}
  m_SizeDelta: {x: 775, y: 522}
  m_Pivot: {x: 0.5, y: 0.5}
--- !u!114 &1309212653
MonoBehaviour:
  m_ObjectHideFlags: 0
  m_PrefabParentObject: {fileID: 11485524, guid: 2ab7b07a626ddf048a0bb2a01fac727e,
    type: 2}
  m_PrefabInternal: {fileID: 510079722}
  m_GameObject: {fileID: 1309212651}
  m_Enabled: 1
  m_EditorHideFlags: 0
  m_Script: {fileID: -765806418, guid: f5f67c52d1564df4a8936ccd202a3bd8, type: 3}
  m_Name: 
  m_EditorClassIdentifier: 
  m_Material: {fileID: 0}
  m_Color: {r: 1, g: 1, b: 1, a: 0}
  m_RaycastTarget: 1
  m_OnCullStateChanged:
    m_PersistentCalls:
      m_Calls: []
    m_TypeName: UnityEngine.UI.MaskableGraphic+CullStateChangedEvent, UnityEngine.UI,
      Version=1.0.0.0, Culture=neutral, PublicKeyToken=null
  m_Sprite: {fileID: 10907, guid: 0000000000000000f000000000000000, type: 0}
  m_Type: 1
  m_PreserveAspect: 0
  m_FillCenter: 1
  m_FillMethod: 4
  m_FillAmount: 1
  m_FillClockwise: 1
  m_FillOrigin: 0
--- !u!222 &1309212654
CanvasRenderer:
  m_ObjectHideFlags: 0
  m_PrefabParentObject: {fileID: 22266506, guid: 2ab7b07a626ddf048a0bb2a01fac727e,
    type: 2}
  m_PrefabInternal: {fileID: 510079722}
  m_GameObject: {fileID: 1309212651}
--- !u!114 &1309212655
MonoBehaviour:
  m_ObjectHideFlags: 0
  m_PrefabParentObject: {fileID: 11447500, guid: 2ab7b07a626ddf048a0bb2a01fac727e,
    type: 2}
  m_PrefabInternal: {fileID: 510079722}
  m_GameObject: {fileID: 1309212651}
  m_Enabled: 1
  m_EditorHideFlags: 0
  m_Script: {fileID: 1367256648, guid: f5f67c52d1564df4a8936ccd202a3bd8, type: 3}
  m_Name: 
  m_EditorClassIdentifier: 
  m_Content: {fileID: 1771904302}
  m_Horizontal: 0
  m_Vertical: 1
  m_MovementType: 1
  m_Elasticity: 0.1
  m_Inertia: 1
  m_DecelerationRate: 0.135
  m_ScrollSensitivity: 1
  m_Viewport: {fileID: 574709882}
  m_HorizontalScrollbar: {fileID: 0}
  m_VerticalScrollbar: {fileID: 1289567780}
  m_HorizontalScrollbarVisibility: 2
  m_VerticalScrollbarVisibility: 2
  m_HorizontalScrollbarSpacing: -3
  m_VerticalScrollbarSpacing: -3
  m_OnValueChanged:
    m_PersistentCalls:
      m_Calls: []
    m_TypeName: UnityEngine.UI.ScrollRect+ScrollRectEvent, UnityEngine.UI, Version=1.0.0.0,
      Culture=neutral, PublicKeyToken=null
--- !u!1 &1445679140
GameObject:
  m_ObjectHideFlags: 0
  m_PrefabParentObject: {fileID: 179590, guid: 2ab7b07a626ddf048a0bb2a01fac727e, type: 2}
  m_PrefabInternal: {fileID: 510079722}
  serializedVersion: 5
  m_Component:
  - component: {fileID: 1445679141}
  - component: {fileID: 1445679143}
  - component: {fileID: 1445679142}
  m_Layer: 5
  m_Name: Ribbon
  m_TagString: Untagged
  m_Icon: {fileID: 0}
  m_NavMeshLayer: 0
  m_StaticEditorFlags: 0
  m_IsActive: 1
--- !u!224 &1445679141
RectTransform:
  m_ObjectHideFlags: 0
  m_PrefabParentObject: {fileID: 22476430, guid: 2ab7b07a626ddf048a0bb2a01fac727e,
    type: 2}
  m_PrefabInternal: {fileID: 510079722}
  m_GameObject: {fileID: 1445679140}
  m_LocalRotation: {x: 0, y: 0, z: 0, w: 1}
  m_LocalPosition: {x: 0, y: 0, z: 0}
  m_LocalScale: {x: 1, y: 1, z: 1}
  m_Children:
  - {fileID: 999304951}
  m_Father: {fileID: 373912012}
  m_RootOrder: 0
  m_LocalEulerAnglesHint: {x: 0, y: 0, z: 0}
  m_AnchorMin: {x: 0.5, y: 1}
  m_AnchorMax: {x: 0.5, y: 1}
  m_AnchoredPosition: {x: 0, y: -72.49997}
  m_SizeDelta: {x: 955, y: 223}
  m_Pivot: {x: 0.5, y: 0.5}
--- !u!114 &1445679142
MonoBehaviour:
  m_ObjectHideFlags: 0
  m_PrefabParentObject: {fileID: 11445644, guid: 2ab7b07a626ddf048a0bb2a01fac727e,
    type: 2}
  m_PrefabInternal: {fileID: 510079722}
  m_GameObject: {fileID: 1445679140}
  m_Enabled: 1
  m_EditorHideFlags: 0
  m_Script: {fileID: -765806418, guid: f5f67c52d1564df4a8936ccd202a3bd8, type: 3}
  m_Name: 
  m_EditorClassIdentifier: 
  m_Material: {fileID: 0}
  m_Color: {r: 1, g: 1, b: 1, a: 1}
  m_RaycastTarget: 1
  m_OnCullStateChanged:
    m_PersistentCalls:
      m_Calls: []
    m_TypeName: UnityEngine.UI.MaskableGraphic+CullStateChangedEvent, UnityEngine.UI,
      Version=1.0.0.0, Culture=neutral, PublicKeyToken=null
  m_Sprite: {fileID: 21300000, guid: 556e3ed94fcb4ad46929c51d3eb0e42e, type: 3}
  m_Type: 0
  m_PreserveAspect: 1
  m_FillCenter: 1
  m_FillMethod: 4
  m_FillAmount: 1
  m_FillClockwise: 1
  m_FillOrigin: 0
--- !u!222 &1445679143
CanvasRenderer:
  m_ObjectHideFlags: 0
  m_PrefabParentObject: {fileID: 22226684, guid: 2ab7b07a626ddf048a0bb2a01fac727e,
    type: 2}
  m_PrefabInternal: {fileID: 510079722}
  m_GameObject: {fileID: 1445679140}
--- !u!1 &1485073215
GameObject:
  m_ObjectHideFlags: 0
  m_PrefabParentObject: {fileID: 113720, guid: 2ab7b07a626ddf048a0bb2a01fac727e, type: 2}
  m_PrefabInternal: {fileID: 510079722}
  serializedVersion: 5
  m_Component:
  - component: {fileID: 1485073216}
  - component: {fileID: 1485073219}
  - component: {fileID: 1485073218}
  - component: {fileID: 1485073217}
  m_Layer: 5
  m_Name: Text
  m_TagString: Untagged
  m_Icon: {fileID: 0}
  m_NavMeshLayer: 0
  m_StaticEditorFlags: 0
  m_IsActive: 1
--- !u!224 &1485073216
RectTransform:
  m_ObjectHideFlags: 0
  m_PrefabParentObject: {fileID: 22453484, guid: 2ab7b07a626ddf048a0bb2a01fac727e,
    type: 2}
  m_PrefabInternal: {fileID: 510079722}
  m_GameObject: {fileID: 1485073215}
  m_LocalRotation: {x: 0, y: 0, z: 0, w: 1}
  m_LocalPosition: {x: 0, y: 0, z: 0}
  m_LocalScale: {x: 1, y: 1, z: 1}
  m_Children: []
  m_Father: {fileID: 404233143}
  m_RootOrder: 0
  m_LocalEulerAnglesHint: {x: 0, y: 0, z: 0}
  m_AnchorMin: {x: 0, y: 0}
  m_AnchorMax: {x: 1, y: 1}
  m_AnchoredPosition: {x: 0, y: 0}
  m_SizeDelta: {x: 0, y: 0}
  m_Pivot: {x: 0.5, y: 0.5}
--- !u!114 &1485073217
MonoBehaviour:
  m_ObjectHideFlags: 0
  m_PrefabParentObject: {fileID: 11462776, guid: 2ab7b07a626ddf048a0bb2a01fac727e,
    type: 2}
  m_PrefabInternal: {fileID: 510079722}
  m_GameObject: {fileID: 1485073215}
  m_Enabled: 1
  m_EditorHideFlags: 0
  m_Script: {fileID: -900027084, guid: f5f67c52d1564df4a8936ccd202a3bd8, type: 3}
  m_Name: 
  m_EditorClassIdentifier: 
  m_EffectColor: {r: 0.38431376, g: 0.14901961, b: 0.14901961, a: 1}
  m_EffectDistance: {x: 3, y: -3}
  m_UseGraphicAlpha: 1
--- !u!114 &1485073218
MonoBehaviour:
  m_ObjectHideFlags: 0
  m_PrefabParentObject: {fileID: 11408592, guid: 2ab7b07a626ddf048a0bb2a01fac727e,
    type: 2}
  m_PrefabInternal: {fileID: 510079722}
  m_GameObject: {fileID: 1485073215}
  m_Enabled: 1
  m_EditorHideFlags: 0
  m_Script: {fileID: 708705254, guid: f5f67c52d1564df4a8936ccd202a3bd8, type: 3}
  m_Name: 
  m_EditorClassIdentifier: 
  m_Material: {fileID: 0}
  m_Color: {r: 1, g: 1, b: 1, a: 1}
  m_RaycastTarget: 1
  m_OnCullStateChanged:
    m_PersistentCalls:
      m_Calls: []
    m_TypeName: UnityEngine.UI.MaskableGraphic+CullStateChangedEvent, UnityEngine.UI,
      Version=1.0.0.0, Culture=neutral, PublicKeyToken=null
  m_FontData:
    m_Font: {fileID: 12800000, guid: 13a0bbb50adbdb741a56717f546beb84, type: 3}
    m_FontSize: 61
    m_FontStyle: 0
    m_BestFit: 0
    m_MinSize: 10
    m_MaxSize: 61
    m_Alignment: 4
    m_AlignByGeometry: 0
    m_RichText: 1
    m_HorizontalOverflow: 0
    m_VerticalOverflow: 0
    m_LineSpacing: 1
  m_Text: Close
--- !u!222 &1485073219
CanvasRenderer:
  m_ObjectHideFlags: 0
  m_PrefabParentObject: {fileID: 22236578, guid: 2ab7b07a626ddf048a0bb2a01fac727e,
    type: 2}
  m_PrefabInternal: {fileID: 510079722}
  m_GameObject: {fileID: 1485073215}
--- !u!1 &1666978626
GameObject:
  m_ObjectHideFlags: 0
  m_PrefabParentObject: {fileID: 115764, guid: 2ab7b07a626ddf048a0bb2a01fac727e, type: 2}
  m_PrefabInternal: {fileID: 510079722}
  serializedVersion: 5
  m_Component:
  - component: {fileID: 1666978627}
  - component: {fileID: 1666978628}
  m_Layer: 5
  m_Name: Panel Available Rewards
  m_TagString: Untagged
  m_Icon: {fileID: 0}
  m_NavMeshLayer: 0
  m_StaticEditorFlags: 0
  m_IsActive: 1
--- !u!224 &1666978627
RectTransform:
  m_ObjectHideFlags: 0
  m_PrefabParentObject: {fileID: 22491146, guid: 2ab7b07a626ddf048a0bb2a01fac727e,
    type: 2}
  m_PrefabInternal: {fileID: 510079722}
  m_GameObject: {fileID: 1666978626}
  m_LocalRotation: {x: 0, y: 0, z: 0, w: 1}
  m_LocalPosition: {x: 0, y: 0, z: 0}
  m_LocalScale: {x: 1, y: 1, z: 1}
  m_Children:
  - {fileID: 782612993}
  m_Father: {fileID: 954038827}
  m_RootOrder: 3
  m_LocalEulerAnglesHint: {x: 0, y: 0, z: 0}
  m_AnchorMin: {x: 0, y: 0}
  m_AnchorMax: {x: 1, y: 1}
  m_AnchoredPosition: {x: -0.000030517578, y: 0.000015258789}
  m_SizeDelta: {x: 0, y: 0}
  m_Pivot: {x: 0.5, y: 0.5}
--- !u!222 &1666978628
CanvasRenderer:
  m_ObjectHideFlags: 0
  m_PrefabParentObject: {fileID: 22239236, guid: 2ab7b07a626ddf048a0bb2a01fac727e,
    type: 2}
  m_PrefabInternal: {fileID: 510079722}
  m_GameObject: {fileID: 1666978626}
--- !u!1 &1670208666
GameObject:
  m_ObjectHideFlags: 0
  m_PrefabParentObject: {fileID: 171360, guid: 2ab7b07a626ddf048a0bb2a01fac727e, type: 2}
  m_PrefabInternal: {fileID: 510079722}
  serializedVersion: 5
  m_Component:
  - component: {fileID: 1670208667}
  - component: {fileID: 1670208669}
  - component: {fileID: 1670208668}
  m_Layer: 5
  m_Name: Image Reward
  m_TagString: Untagged
  m_Icon: {fileID: 0}
  m_NavMeshLayer: 0
  m_StaticEditorFlags: 0
  m_IsActive: 1
--- !u!224 &1670208667
RectTransform:
  m_ObjectHideFlags: 0
  m_PrefabParentObject: {fileID: 22460692, guid: 2ab7b07a626ddf048a0bb2a01fac727e,
    type: 2}
  m_PrefabInternal: {fileID: 510079722}
  m_GameObject: {fileID: 1670208666}
  m_LocalRotation: {x: 0, y: 0, z: 0, w: 1}
  m_LocalPosition: {x: 0, y: 0, z: 0}
  m_LocalScale: {x: 1, y: 1, z: 1}
  m_Children: []
  m_Father: {fileID: 373912012}
  m_RootOrder: 1
  m_LocalEulerAnglesHint: {x: 0, y: 0, z: 0}
  m_AnchorMin: {x: 0.5, y: 0.5}
  m_AnchorMax: {x: 0.5, y: 0.5}
  m_AnchoredPosition: {x: 0, y: 122}
  m_SizeDelta: {x: 190, y: 203}
  m_Pivot: {x: 0.5, y: 0.5}
--- !u!114 &1670208668
MonoBehaviour:
  m_ObjectHideFlags: 0
  m_PrefabParentObject: {fileID: 11466414, guid: 2ab7b07a626ddf048a0bb2a01fac727e,
    type: 2}
  m_PrefabInternal: {fileID: 510079722}
  m_GameObject: {fileID: 1670208666}
  m_Enabled: 1
  m_EditorHideFlags: 0
  m_Script: {fileID: -765806418, guid: f5f67c52d1564df4a8936ccd202a3bd8, type: 3}
  m_Name: 
  m_EditorClassIdentifier: 
  m_Material: {fileID: 0}
  m_Color: {r: 1, g: 1, b: 1, a: 1}
  m_RaycastTarget: 1
  m_OnCullStateChanged:
    m_PersistentCalls:
      m_Calls: []
    m_TypeName: UnityEngine.UI.MaskableGraphic+CullStateChangedEvent, UnityEngine.UI,
      Version=1.0.0.0, Culture=neutral, PublicKeyToken=null
  m_Sprite: {fileID: 21300000, guid: c3a0fc9ee6d28014191a796a0501f5e3, type: 3}
  m_Type: 0
  m_PreserveAspect: 1
  m_FillCenter: 1
  m_FillMethod: 4
  m_FillAmount: 1
  m_FillClockwise: 1
  m_FillOrigin: 0
--- !u!222 &1670208669
CanvasRenderer:
  m_ObjectHideFlags: 0
  m_PrefabParentObject: {fileID: 22279252, guid: 2ab7b07a626ddf048a0bb2a01fac727e,
    type: 2}
  m_PrefabInternal: {fileID: 510079722}
  m_GameObject: {fileID: 1670208666}
--- !u!1 &1680758052
GameObject:
  m_ObjectHideFlags: 0
  m_PrefabParentObject: {fileID: 0}
  m_PrefabInternal: {fileID: 0}
  serializedVersion: 5
  m_Component:
  - component: {fileID: 1680758056}
  - component: {fileID: 1680758055}
  - component: {fileID: 1680758054}
  - component: {fileID: 1680758053}
  m_Layer: 5
  m_Name: Canvas
  m_TagString: Untagged
  m_Icon: {fileID: 0}
  m_NavMeshLayer: 0
  m_StaticEditorFlags: 0
  m_IsActive: 1
--- !u!114 &1680758053
MonoBehaviour:
  m_ObjectHideFlags: 0
  m_PrefabParentObject: {fileID: 0}
  m_PrefabInternal: {fileID: 0}
  m_GameObject: {fileID: 1680758052}
  m_Enabled: 1
  m_EditorHideFlags: 0
  m_Script: {fileID: 1301386320, guid: f5f67c52d1564df4a8936ccd202a3bd8, type: 3}
  m_Name: 
  m_EditorClassIdentifier: 
  m_IgnoreReversedGraphics: 1
  m_BlockingObjects: 0
  m_BlockingMask:
    serializedVersion: 2
    m_Bits: 4294967295
--- !u!114 &1680758054
MonoBehaviour:
  m_ObjectHideFlags: 0
  m_PrefabParentObject: {fileID: 0}
  m_PrefabInternal: {fileID: 0}
  m_GameObject: {fileID: 1680758052}
  m_Enabled: 1
  m_EditorHideFlags: 0
  m_Script: {fileID: 1980459831, guid: f5f67c52d1564df4a8936ccd202a3bd8, type: 3}
  m_Name: 
  m_EditorClassIdentifier: 
  m_UiScaleMode: 1
  m_ReferencePixelsPerUnit: 100
  m_ScaleFactor: 1
  m_ReferenceResolution: {x: 1920, y: 1080}
  m_ScreenMatchMode: 0
  m_MatchWidthOrHeight: 0
  m_PhysicalUnit: 3
  m_FallbackScreenDPI: 96
  m_DefaultSpriteDPI: 96
  m_DynamicPixelsPerUnit: 1
--- !u!223 &1680758055
Canvas:
  m_ObjectHideFlags: 0
  m_PrefabParentObject: {fileID: 0}
  m_PrefabInternal: {fileID: 0}
  m_GameObject: {fileID: 1680758052}
  m_Enabled: 1
  serializedVersion: 2
  m_RenderMode: 0
  m_Camera: {fileID: 0}
  m_PlaneDistance: 100
  m_PixelPerfect: 0
  m_ReceivesEvents: 1
  m_OverrideSorting: 0
  m_OverridePixelPerfect: 0
  m_SortingBucketNormalizedSize: 0
  m_SortingLayerID: 0
  m_SortingOrder: 0
  m_TargetDisplay: 0
--- !u!224 &1680758056
RectTransform:
  m_ObjectHideFlags: 0
  m_PrefabParentObject: {fileID: 0}
  m_PrefabInternal: {fileID: 0}
  m_GameObject: {fileID: 1680758052}
  m_LocalRotation: {x: 0, y: 0, z: 0, w: 1}
  m_LocalPosition: {x: 0, y: 0, z: 0}
  m_LocalScale: {x: 0, y: 0, z: 0}
  m_Children:
  - {fileID: 978656821}
  m_Father: {fileID: 0}
  m_RootOrder: 2
  m_LocalEulerAnglesHint: {x: 0, y: 0, z: 0}
  m_AnchorMin: {x: 0, y: 0}
  m_AnchorMax: {x: 0, y: 0}
  m_AnchoredPosition: {x: 0, y: 0}
  m_SizeDelta: {x: 0, y: 0}
  m_Pivot: {x: 0, y: 0}
--- !u!1 &1771904301
GameObject:
  m_ObjectHideFlags: 0
  m_PrefabParentObject: {fileID: 140510, guid: 2ab7b07a626ddf048a0bb2a01fac727e, type: 2}
  m_PrefabInternal: {fileID: 510079722}
  serializedVersion: 5
  m_Component:
  - component: {fileID: 1771904302}
  - component: {fileID: 1771904305}
  - component: {fileID: 1771904304}
  - component: {fileID: 1771904303}
  m_Layer: 5
  m_Name: Panel Rewards
  m_TagString: Untagged
  m_Icon: {fileID: 0}
  m_NavMeshLayer: 0
  m_StaticEditorFlags: 0
  m_IsActive: 1
--- !u!224 &1771904302
RectTransform:
  m_ObjectHideFlags: 0
  m_PrefabParentObject: {fileID: 22412110, guid: 2ab7b07a626ddf048a0bb2a01fac727e,
    type: 2}
  m_PrefabInternal: {fileID: 510079722}
  m_GameObject: {fileID: 1771904301}
  m_LocalRotation: {x: 0, y: 0, z: 0, w: 1}
  m_LocalPosition: {x: 0, y: 0, z: 0}
  m_LocalScale: {x: 1, y: 1, z: 1}
  m_Children: []
  m_Father: {fileID: 574709882}
  m_RootOrder: 0
  m_LocalEulerAnglesHint: {x: 0, y: 0, z: 0}
  m_AnchorMin: {x: 0, y: 0}
  m_AnchorMax: {x: 1, y: 1}
  m_AnchoredPosition: {x: 0, y: -0.000061035156}
  m_SizeDelta: {x: 0, y: -0.000061035156}
  m_Pivot: {x: 0.5, y: 1}
--- !u!114 &1771904303
MonoBehaviour:
  m_ObjectHideFlags: 0
  m_PrefabParentObject: {fileID: 11448666, guid: 2ab7b07a626ddf048a0bb2a01fac727e,
    type: 2}
  m_PrefabInternal: {fileID: 510079722}
  m_GameObject: {fileID: 1771904301}
  m_Enabled: 0
  m_EditorHideFlags: 0
  m_Script: {fileID: 1741964061, guid: f5f67c52d1564df4a8936ccd202a3bd8, type: 3}
  m_Name: 
  m_EditorClassIdentifier: 
  m_HorizontalFit: 0
  m_VerticalFit: 1
--- !u!114 &1771904304
MonoBehaviour:
  m_ObjectHideFlags: 0
  m_PrefabParentObject: {fileID: 11488770, guid: 2ab7b07a626ddf048a0bb2a01fac727e,
    type: 2}
  m_PrefabInternal: {fileID: 510079722}
  m_GameObject: {fileID: 1771904301}
  m_Enabled: 1
  m_EditorHideFlags: 0
  m_Script: {fileID: -2095666955, guid: f5f67c52d1564df4a8936ccd202a3bd8, type: 3}
  m_Name: 
  m_EditorClassIdentifier: 
  m_Padding:
    m_Left: 0
    m_Right: 0
    m_Top: 0
    m_Bottom: 0
  m_ChildAlignment: 4
  m_StartCorner: 0
  m_StartAxis: 0
  m_CellSize: {x: 176.3, y: 254.7}
  m_Spacing: {x: 10, y: 10}
  m_Constraint: 0
  m_ConstraintCount: 7
--- !u!222 &1771904305
CanvasRenderer:
  m_ObjectHideFlags: 0
  m_PrefabParentObject: {fileID: 22233392, guid: 2ab7b07a626ddf048a0bb2a01fac727e,
    type: 2}
  m_PrefabInternal: {fileID: 510079722}
  m_GameObject: {fileID: 1771904301}
--- !u!1 &1786046478
GameObject:
  m_ObjectHideFlags: 0
  m_PrefabParentObject: {fileID: 174422, guid: 2ab7b07a626ddf048a0bb2a01fac727e, type: 2}
  m_PrefabInternal: {fileID: 510079722}
  serializedVersion: 5
  m_Component:
  - component: {fileID: 1786046479}
  - component: {fileID: 1786046481}
  - component: {fileID: 1786046480}
  m_Layer: 5
  m_Name: Ribbon
  m_TagString: Untagged
  m_Icon: {fileID: 0}
  m_NavMeshLayer: 0
  m_StaticEditorFlags: 0
  m_IsActive: 1
--- !u!224 &1786046479
RectTransform:
  m_ObjectHideFlags: 0
  m_PrefabParentObject: {fileID: 22408774, guid: 2ab7b07a626ddf048a0bb2a01fac727e,
    type: 2}
  m_PrefabInternal: {fileID: 510079722}
  m_GameObject: {fileID: 1786046478}
  m_LocalRotation: {x: 0, y: 0, z: 0, w: 1}
  m_LocalPosition: {x: 0, y: 0, z: 0}
  m_LocalScale: {x: 1, y: 1, z: 1}
  m_Children:
  - {fileID: 1803678759}
  m_Father: {fileID: 782612993}
  m_RootOrder: 1
  m_LocalEulerAnglesHint: {x: 0, y: 0, z: 0}
  m_AnchorMin: {x: 0, y: 1}
  m_AnchorMax: {x: 1, y: 1}
  m_AnchoredPosition: {x: 17.5, y: -72.49994}
  m_SizeDelta: {x: -145, y: 223}
  m_Pivot: {x: 0.5, y: 0.5}
--- !u!114 &1786046480
MonoBehaviour:
  m_ObjectHideFlags: 0
  m_PrefabParentObject: {fileID: 11416738, guid: 2ab7b07a626ddf048a0bb2a01fac727e,
    type: 2}
  m_PrefabInternal: {fileID: 510079722}
  m_GameObject: {fileID: 1786046478}
  m_Enabled: 1
  m_EditorHideFlags: 0
  m_Script: {fileID: -765806418, guid: f5f67c52d1564df4a8936ccd202a3bd8, type: 3}
  m_Name: 
  m_EditorClassIdentifier: 
  m_Material: {fileID: 0}
  m_Color: {r: 1, g: 1, b: 1, a: 1}
  m_RaycastTarget: 1
  m_OnCullStateChanged:
    m_PersistentCalls:
      m_Calls: []
    m_TypeName: UnityEngine.UI.MaskableGraphic+CullStateChangedEvent, UnityEngine.UI,
      Version=1.0.0.0, Culture=neutral, PublicKeyToken=null
  m_Sprite: {fileID: 21300000, guid: 556e3ed94fcb4ad46929c51d3eb0e42e, type: 3}
  m_Type: 0
  m_PreserveAspect: 1
  m_FillCenter: 1
  m_FillMethod: 4
  m_FillAmount: 1
  m_FillClockwise: 1
  m_FillOrigin: 0
--- !u!222 &1786046481
CanvasRenderer:
  m_ObjectHideFlags: 0
  m_PrefabParentObject: {fileID: 22218744, guid: 2ab7b07a626ddf048a0bb2a01fac727e,
    type: 2}
  m_PrefabInternal: {fileID: 510079722}
  m_GameObject: {fileID: 1786046478}
--- !u!1 &1803678758
GameObject:
  m_ObjectHideFlags: 0
  m_PrefabParentObject: {fileID: 134688, guid: 2ab7b07a626ddf048a0bb2a01fac727e, type: 2}
  m_PrefabInternal: {fileID: 510079722}
  serializedVersion: 5
  m_Component:
  - component: {fileID: 1803678759}
  - component: {fileID: 1803678762}
  - component: {fileID: 1803678761}
  - component: {fileID: 1803678760}
  m_Layer: 5
  m_Name: Text
  m_TagString: Untagged
  m_Icon: {fileID: 0}
  m_NavMeshLayer: 0
  m_StaticEditorFlags: 0
  m_IsActive: 1
--- !u!224 &1803678759
RectTransform:
  m_ObjectHideFlags: 0
  m_PrefabParentObject: {fileID: 22418090, guid: 2ab7b07a626ddf048a0bb2a01fac727e,
    type: 2}
  m_PrefabInternal: {fileID: 510079722}
  m_GameObject: {fileID: 1803678758}
  m_LocalRotation: {x: 0, y: 0, z: 0, w: 1}
  m_LocalPosition: {x: 0, y: 0, z: 0}
  m_LocalScale: {x: 1, y: 1, z: 1}
  m_Children: []
  m_Father: {fileID: 1786046479}
  m_RootOrder: 0
  m_LocalEulerAnglesHint: {x: 0, y: 0, z: 0}
  m_AnchorMin: {x: 0, y: 0}
  m_AnchorMax: {x: 1, y: 1}
  m_AnchoredPosition: {x: 0.00001049, y: 24}
  m_SizeDelta: {x: -282, y: -119}
  m_Pivot: {x: 0.5, y: 0.5}
--- !u!114 &1803678760
MonoBehaviour:
  m_ObjectHideFlags: 0
  m_PrefabParentObject: {fileID: 11436322, guid: 2ab7b07a626ddf048a0bb2a01fac727e,
    type: 2}
  m_PrefabInternal: {fileID: 510079722}
  m_GameObject: {fileID: 1803678758}
  m_Enabled: 1
  m_EditorHideFlags: 0
  m_Script: {fileID: -900027084, guid: f5f67c52d1564df4a8936ccd202a3bd8, type: 3}
  m_Name: 
  m_EditorClassIdentifier: 
  m_EffectColor: {r: 0.38431376, g: 0.14901961, b: 0.14901961, a: 1}
  m_EffectDistance: {x: 1, y: -1}
  m_UseGraphicAlpha: 1
--- !u!114 &1803678761
MonoBehaviour:
  m_ObjectHideFlags: 0
  m_PrefabParentObject: {fileID: 11417546, guid: 2ab7b07a626ddf048a0bb2a01fac727e,
    type: 2}
  m_PrefabInternal: {fileID: 510079722}
  m_GameObject: {fileID: 1803678758}
  m_Enabled: 1
  m_EditorHideFlags: 0
  m_Script: {fileID: 708705254, guid: f5f67c52d1564df4a8936ccd202a3bd8, type: 3}
  m_Name: 
  m_EditorClassIdentifier: 
  m_Material: {fileID: 0}
  m_Color: {r: 1, g: 1, b: 1, a: 1}
  m_RaycastTarget: 1
  m_OnCullStateChanged:
    m_PersistentCalls:
      m_Calls: []
    m_TypeName: UnityEngine.UI.MaskableGraphic+CullStateChangedEvent, UnityEngine.UI,
      Version=1.0.0.0, Culture=neutral, PublicKeyToken=null
  m_FontData:
    m_Font: {fileID: 12800000, guid: 13a0bbb50adbdb741a56717f546beb84, type: 3}
    m_FontSize: 58
    m_FontStyle: 0
    m_BestFit: 0
    m_MinSize: 10
    m_MaxSize: 78
    m_Alignment: 4
    m_AlignByGeometry: 0
    m_RichText: 1
    m_HorizontalOverflow: 0
    m_VerticalOverflow: 0
    m_LineSpacing: 1
  m_Text: Pick your Reward
--- !u!222 &1803678762
CanvasRenderer:
  m_ObjectHideFlags: 0
  m_PrefabParentObject: {fileID: 22247384, guid: 2ab7b07a626ddf048a0bb2a01fac727e,
    type: 2}
  m_PrefabInternal: {fileID: 510079722}
  m_GameObject: {fileID: 1803678758}
--- !u!1 &1959315883
GameObject:
  m_ObjectHideFlags: 0
  m_PrefabParentObject: {fileID: 189284, guid: 2ab7b07a626ddf048a0bb2a01fac727e, type: 2}
  m_PrefabInternal: {fileID: 510079722}
  serializedVersion: 5
  m_Component:
  - component: {fileID: 1959315884}
  - component: {fileID: 1959315887}
  - component: {fileID: 1959315886}
  - component: {fileID: 1959315885}
  m_Layer: 5
  m_Name: Text Info
  m_TagString: Untagged
  m_Icon: {fileID: 0}
  m_NavMeshLayer: 0
  m_StaticEditorFlags: 0
  m_IsActive: 1
--- !u!224 &1959315884
RectTransform:
  m_ObjectHideFlags: 0
  m_PrefabParentObject: {fileID: 22497360, guid: 2ab7b07a626ddf048a0bb2a01fac727e,
    type: 2}
  m_PrefabInternal: {fileID: 510079722}
  m_GameObject: {fileID: 1959315883}
  m_LocalRotation: {x: 0, y: 0, z: 0, w: 1}
  m_LocalPosition: {x: 0, y: 0, z: 0}
  m_LocalScale: {x: 1, y: 1, z: 1}
  m_Children: []
  m_Father: {fileID: 654501905}
  m_RootOrder: 0
  m_LocalEulerAnglesHint: {x: 0, y: 0, z: 0}
  m_AnchorMin: {x: 0, y: 0}
  m_AnchorMax: {x: 1, y: 1}
  m_AnchoredPosition: {x: 1, y: -86}
  m_SizeDelta: {x: -47, y: -211}
  m_Pivot: {x: 0.5, y: 0.5}
--- !u!114 &1959315885
MonoBehaviour:
  m_ObjectHideFlags: 0
  m_PrefabParentObject: {fileID: 11408020, guid: 2ab7b07a626ddf048a0bb2a01fac727e,
    type: 2}
  m_PrefabInternal: {fileID: 510079722}
  m_GameObject: {fileID: 1959315883}
  m_Enabled: 1
  m_EditorHideFlags: 0
  m_Script: {fileID: -900027084, guid: f5f67c52d1564df4a8936ccd202a3bd8, type: 3}
  m_Name: 
  m_EditorClassIdentifier: 
  m_EffectColor: {r: 0.38431376, g: 0.14901961, b: 0.14901961, a: 1}
  m_EffectDistance: {x: 2, y: -2}
  m_UseGraphicAlpha: 1
--- !u!114 &1959315886
MonoBehaviour:
  m_ObjectHideFlags: 0
  m_PrefabParentObject: {fileID: 11449620, guid: 2ab7b07a626ddf048a0bb2a01fac727e,
    type: 2}
  m_PrefabInternal: {fileID: 510079722}
  m_GameObject: {fileID: 1959315883}
  m_Enabled: 1
  m_EditorHideFlags: 0
  m_Script: {fileID: 708705254, guid: f5f67c52d1564df4a8936ccd202a3bd8, type: 3}
  m_Name: 
  m_EditorClassIdentifier: 
  m_Material: {fileID: 0}
  m_Color: {r: 1, g: 1, b: 1, a: 1}
  m_RaycastTarget: 1
  m_OnCullStateChanged:
    m_PersistentCalls:
      m_Calls: []
    m_TypeName: UnityEngine.UI.MaskableGraphic+CullStateChangedEvent, UnityEngine.UI,
      Version=1.0.0.0, Culture=neutral, PublicKeyToken=null
  m_FontData:
    m_Font: {fileID: 12800000, guid: 13a0bbb50adbdb741a56717f546beb84, type: 3}
    m_FontSize: 55
    m_FontStyle: 0
    m_BestFit: 1
    m_MinSize: 5
    m_MaxSize: 55
    m_Alignment: 4
    m_AlignByGeometry: 0
    m_RichText: 1
    m_HorizontalOverflow: 0
    m_VerticalOverflow: 0
    m_LineSpacing: 1
  m_Text: 23:59:59
--- !u!222 &1959315887
CanvasRenderer:
  m_ObjectHideFlags: 0
  m_PrefabParentObject: {fileID: 22288476, guid: 2ab7b07a626ddf048a0bb2a01fac727e,
    type: 2}
  m_PrefabInternal: {fileID: 510079722}
  m_GameObject: {fileID: 1959315883}
--- !u!1 &2027065076
GameObject:
  m_ObjectHideFlags: 0
  m_PrefabParentObject: {fileID: 168654, guid: 2ab7b07a626ddf048a0bb2a01fac727e, type: 2}
  m_PrefabInternal: {fileID: 510079722}
  serializedVersion: 5
  m_Component:
  - component: {fileID: 2027065077}
  m_Layer: 5
  m_Name: Sliding Area
  m_TagString: Untagged
  m_Icon: {fileID: 0}
  m_NavMeshLayer: 0
  m_StaticEditorFlags: 0
  m_IsActive: 1
--- !u!224 &2027065077
RectTransform:
  m_ObjectHideFlags: 0
  m_PrefabParentObject: {fileID: 22481356, guid: 2ab7b07a626ddf048a0bb2a01fac727e,
    type: 2}
  m_PrefabInternal: {fileID: 510079722}
  m_GameObject: {fileID: 2027065076}
  m_LocalRotation: {x: 0, y: 0, z: 0, w: 1}
  m_LocalPosition: {x: 0, y: 0, z: 0}
  m_LocalScale: {x: 1, y: 1, z: 1}
  m_Children:
  - {fileID: 808412929}
  m_Father: {fileID: 1289567779}
  m_RootOrder: 0
  m_LocalEulerAnglesHint: {x: 0, y: 0, z: 0}
  m_AnchorMin: {x: 0, y: 0}
  m_AnchorMax: {x: 1, y: 1}
  m_AnchoredPosition: {x: -1, y: 0}
  m_SizeDelta: {x: -18, y: -20}
  m_Pivot: {x: 0.5, y: 0.5}
--- !u!1 &2044434395
GameObject:
  m_ObjectHideFlags: 0
  m_PrefabParentObject: {fileID: 115208, guid: 2ab7b07a626ddf048a0bb2a01fac727e, type: 2}
  m_PrefabInternal: {fileID: 510079722}
  serializedVersion: 5
  m_Component:
  - component: {fileID: 2044434398}
  - component: {fileID: 2044434397}
  - component: {fileID: 2044434396}
  m_Layer: 0
  m_Name: TimedRewards
  m_TagString: Untagged
  m_Icon: {fileID: 0}
  m_NavMeshLayer: 0
  m_StaticEditorFlags: 0
  m_IsActive: 1
--- !u!114 &2044434396
MonoBehaviour:
  m_ObjectHideFlags: 0
  m_PrefabParentObject: {fileID: 11419634, guid: 2ab7b07a626ddf048a0bb2a01fac727e,
    type: 2}
  m_PrefabInternal: {fileID: 510079722}
  m_GameObject: {fileID: 2044434395}
  m_Enabled: 1
  m_EditorHideFlags: 0
  m_Script: {fileID: 11500000, guid: e143b6679b9dadb448ba4ea8b5f2d717, type: 3}
  m_Name: 
  m_EditorClassIdentifier: 
--- !u!114 &2044434397
MonoBehaviour:
  m_ObjectHideFlags: 0
  m_PrefabParentObject: {fileID: 11462322, guid: 2ab7b07a626ddf048a0bb2a01fac727e,
    type: 2}
  m_PrefabInternal: {fileID: 510079722}
  m_GameObject: {fileID: 2044434395}
  m_Enabled: 1
  m_EditorHideFlags: 0
  m_Script: {fileID: 11500000, guid: f3d2cf628caeeea4d9718a3b0e6cd1eb, type: 3}
  m_Name: 
  m_EditorClassIdentifier: 
--- !u!4 &2044434398
Transform:
  m_ObjectHideFlags: 0
  m_PrefabParentObject: {fileID: 410144, guid: 2ab7b07a626ddf048a0bb2a01fac727e, type: 2}
  m_PrefabInternal: {fileID: 510079722}
  m_GameObject: {fileID: 2044434395}
  m_LocalRotation: {x: 0, y: 0, z: 0, w: 1}
  m_LocalPosition: {x: 0, y: 0, z: 0}
  m_LocalScale: {x: 1, y: 1, z: 1}
  m_Children:
  - {fileID: 954038827}
  m_Father: {fileID: 0}
  m_RootOrder: 0
  m_LocalEulerAnglesHint: {x: 0, y: 0, z: 0}
